Workbook
Name Adjusted_regulated_tax_liability: 'R8 - Tax'!$E$36:$I$36
Name Adjusted_regulated_tax_liability__Reporting_Year: 'R8 - Tax'!$E$36:$I$36
Name ARCMt: #REF!
Name ARtDR5: #REF!
Name AUM: #REF!
Name BMt_2: #REF!
Name BPC: #REF!
Name Business_Plan_Incentive: 'R1 - RoRE'!$D$71:$H$71
Name calendar_year: Data!$F$33:$L$33
Name CAS: #REF!
Name CGSPM: #REF!
Name CGSRA: #REF!
Name CIA: #REF!
Name CIB: #REF!
Name CIBt_2: #REF!
Name CIBt_3: #REF!
Name CIBt_4: #REF!
Name CIC: #REF!
Name CID: #REF!
Name CIE: #REF!
Name CIM: #REF!
Name CMLA: #REF!
Name CMLB: #REF!
Name CMLBt_2: #REF!
Name CMLBt_3: #REF!
Name CMLBt_4: #REF!
Name CMLC: #REF!
Name CMLD: #REF!
Name CMLE: #REF!
Name Combined_real_to_nominal_prices_conversion_factor__financial_year_end: Data!$F$36:$L$36
Name Corporate_Tax: Data!$C$13:$N$13
Name Cost_of_Equity: Data!$C$6
Name CPIRt: #REF!
Name CRC5B: #REF!
Name CRC5C: #REF!
Name CRC5E: #REF!
Name CRIRt: #REF!
Name CSADt: #REF!
Name CSAUt: #REF!
Name CSBDt: #REF!
Name CSBUt: #REF!
Name CSCDt: #REF!
Name CSCUt: #REF!
Name CT: #REF!
Name Debt_performance___at_notional_gearing: 'R1 - RoRE'!$D$90:$H$90
Name Debt_performance___impact_of_actual_gearing: 'R1 - RoRE'!$D$91:$H$91
Name DecimalPlaces: #REF!
Name DLGT: #REF!
Name DNOName: #REF!
Name DR5Q: #REF!
Name ENIA: #REF!
Name Equity_RAV_based_on_actual_gearing: 'R1 - RoRE'!$D$97:$H$97
Name Equity_Return_on_the_RAV: 'R1 - RoRE'!$D$69:$H$69
Name ESTR: #REF!
Name FPPR: #REF!
Name GAS: #REF!
Name GIM: #REF!
Name GPIRt: #REF!
Name GRIRt: #REF!
Name GTA: #REF!

Sheet RFPR cover
A2: Regulatory Financial Performance Report
A3: =Licensee -> SPD
B6: RIIO-2 start date (enter 2022 for 2021-22) | C6: {=INDEX(Data!$E$63:'Data'!$E$91,MATCH(Licensee,Data!$B$63:$B$91,0),0)} -> 2024
B7: Licensee | C7: SPD | G7: Input cells
B8: Sector | C8: =INDEX(Data!$A$63:$A$91,MATCH($C$7,Data!$B$63:$B$91,0),0)&"2" -> ED2 | G8: Totals cells (of formula within worksheet)
B9: Reporting Year: (e.g. enter 2022 for 2021-22) | C9: 2026 | G9: Linked cells
B10: Version (Number) | G10: Referencing to other workbooks (Eg. PCFM/ RRP)
B11: Submitted Date: | G11: Check cells
G12: No Input
G13: Descriptions and pack data

Sheet Data
A1: Network Operator Data
A2: =Licensee -> SPD
A3: =Reporting_Year -> 2026
B6: Cost of Equity | C6: =INDEX(O63:U91,MATCH(Licensee,Data!B63:B91,0),MATCH(Reporting_Year,Data!O62:U62,0)) -> 0.054475396 | F6: check £m | H6: ED | I6: £m 20/21
B7: Sharing Factor | C7: =SUMIF(Data!$B$62:$B$91,'RFPR cover'!C7,Data!$C$62:$C$91) -> 0.5 | F7: 0.1 | H7: ET | I7: £m 18/19
B8: Notional Gearing | C8: =SUMIF(Data!$B$62:$B$91,'RFPR cover'!C7,Data!$D$62:$D$91) -> 0.6 | H8: GD | I8: £m 18/19
B9: Price basis | C9: =INDEX(Data!$F$63:$F$91,MATCH('RFPR cover'!$C$7,Data!$B$63:$B$91,0),0) -> £m 20/21 | H9: GT | I9: £m 18/19
B10: Deadband threshold for materiality checks for use in R8a (Rows 31-93) | C10: =INDEX(Data!$M$315:$S$343,MATCH('RFPR cover'!$C$7,Data!$L$315:$L$343,0),MATCH(#REF!,Data!$M$314:$S$314,0)) -> #REF! | H10: ESO | I10: £m 18/19
B11: Deadband threshold for use in R8a (Row 95) | C11: =INDEX(Data!$M$350:$S$378,MATCH('RFPR cover'!$C$7,Data!$L$350:$L$378,0),MATCH(#REF!,Data!$M$349:$S$349,0)) -> #REF!
B13: Corporate Tax | C13: 0.19 | D13: 0.19 | E13: 0.19 | F13: 0.19 | G13: 0.19 | H13: 0.25 | I13: 0.25 | J13: 0.25 | K13: 0.25 | L13: 0.25 | M13: 0.25 | N13: 0.25
A15: GD&T | B15: Price indices*
B16: Actual / Forecast index | C16: =IF(VALUE(C18)<=Reporting_Year,"Actual","Forecast") -> Actual | D16: =IF(VALUE(D18)<=Reporting_Year,"Actual","Forecast") -> Actual | E16: =IF(VALUE(E18)<=Reporting_Year,"Actual","Forecast") -> Actual | F16: =IF(VALUE(F18)<=Reporting_Year,"Actual","Forecast") -> Actual | G16: =IF(VALUE(G18)<=Reporting_Year,"Actual","Forecast") -> Actual | H16: =IF(VALUE(H18)<=Reporting_Year,"Actual","Forecast") -> Actual | I16: =IF(VALUE(I18)<=Reporting_Year,"Actual","Forecast") -> Actual | J16: =IF(VALUE(J18)<=Reporting_Year,"Actual","Forecast") -> Actual | ... N16: =IF(VALUE(N18)<=Reporting_Year,"Actual","Forecast") -> Forecast
B17: Year end | C17: 43555 | D17: 43921 | E17: 44286 | F17: 44651 | G17: 45016 | H17: 45382 | I17: 45747 | J17: 46112 | K17: 46477 | L17: 46843 | M17: 47208 | N17: 47573
B18: Reporting Year | C18: 2019 | D18: 2020 | E18: 2021 | F18: 2022 | G18: 2023 | H18: 2024 | I18: 2025 | J18: 2026 | K18: 2027 | L18: 2028 | M18: 2029 | N18: 2030
B19: Financial Year Average RPI - CPIH (PIt) | C19: 283.30833 | D19: 290.64167 | E19: 294.16667 | F19: 307.32821 | G19: 334.29358 | H19: 352.83652 | I19: 364.17963 | J19: 374.87823 | K19: =J19*(1+K$22) -> 382.3758 | L19: =K19*(1+L$22) -> 390.02332 | M19: =L19*(1+M$22) -> 397.82378 | N19: =M19*(1+N$22) -> 405.78026
B20: Combined RPI-CPIH price index (financial year end) | C20: 286.65 | D20: 292.6 | E20: 298.42363 | F20: 319.91658 | G20: 346.54233 | H20: 358.36091 | I20: 370.25983 | J20: 378.51933 | K20: =J20*(1+K$22) -> 386.08972 | L20: =K20*(1+L$22) -> 393.81152 | M20: =L20*(1+M$22) -> 401.68775 | N20: =M20*(1+N$22) -> 409.7215
B21: Consumer Prices Index incl. housing costs (financial year average) | C21: 106.43333 | D21: 108.24167 | E21: 109.10833 | F21: 113.11667 | G21: 123.04167 | H21: 129.86667 | I21: 134.04167 | J21: 137.97944 | K21: =J21*(1+K$22) -> 140.73903 | L21: =K21*(1+L$22) -> 143.55381 | M21: =L21*(1+M$22) -> 146.42489 | N21: =M21*(1+N$22) -> 149.35339
B22: Long term CPIH inflation forecast | K22: 0.02 | L22: 0.02 | M22: 0.02 | N22: 0.02 | O22: LTCPIHt
H23: =H19/G19 -> 1.055469 | I23: =I19/H19 -> 1.0321484 | J23: =J19/I19 -> 1.0293773
A24: ED2 | B24: Price Indices*
B25: Actual / Forecast index | C25: =IF(VALUE(C27)<=Reporting_Year,"Actual","Forecast") -> Actual | D25: =IF(VALUE(D27)<=Reporting_Year,"Actual","Forecast") -> Actual | E25: =IF(VALUE(E27)<=Reporting_Year,"Actual","Forecast") -> Actual | F25: =IF(VALUE(F27)<=Reporting_Year,"Actual","Forecast") -> Actual | G25: =IF(VALUE(G27)<=Reporting_Year,"Actual","Forecast") -> Actual | H25: =IF(VALUE(H27)<=Reporting_Year,"Actual","Forecast") -> Actual | I25: =IF(VALUE(I27)<=Reporting_Year,"Actual","Forecast") -> Actual | J25: =IF(VALUE(J27)<=Reporting_Year,"Actual","Forecast") -> Actual | ... N25: =IF(VALUE(N27)<=Reporting_Year,"Actual","Forecast") -> Forecast
B26: Year end | C26: 43555 | D26: 43921 | E26: 44286 | F26: 44651 | G26: 45016 | H26: 45382 | I26: 45747 | J26: 46112 | K26: 46477 | L26: 46843 | M26: 47208 | N26: 47573
B27: Reporting Year | C27: 2019 | D27: 2020 | E27: 2021 | F27: 2022 | G27: 2023 | H27: 2024 | I27: 2025 | J27: 2026 | K27: 2027 | L27: 2028 | M27: 2029 | N27: 2030
B28: Financial Year Average RPI - CPIH (PIt) | C28: 283.30833 | D28: 290.64167 | E28: 294.16667 | F28: 311.15833 | G28: 351.21667 | H28: 376.7165 | I28: 388.82732 | J28: 403.54885 | K28: 408.5665 | L28: 416.71585 | M28: =L28*(1+M$22) -> 425.05017 | N28: =M28*(1+N$22) -> 433.55117
B29: Combined RPI-CPIH price index (financial year end) | C29: 286.65 | D29: 292.6 | E29: 299 | F29: 329.05 | G29: 369.68596 | H29: 382.61478 | I29: 395.31903 | J29: 404.48527 | K29: 412.61137 | L29: 420.50827 | M29: =L29*(1+M$22) -> 428.91844 | N29: =M29*(1+N$22) -> 437.49681
B31: Price Conversion Factors*
E32: =IF(E33<='RFPR cover'!$C$9,"Actuals","Forecast") -> Actuals | F32: =IF(F33<='RFPR cover'!$C$9,"Actuals","Forecast") -> Actuals | G32: =IF(G33<='RFPR cover'!$C$9,"Actuals","Forecast") -> Actuals | H32: =IF(H33<='RFPR cover'!$C$9,"Actuals","Forecast") -> Actuals | I32: =IF(I33<='RFPR cover'!$C$9,"Actuals","Forecast") -> Actuals | J32: =IF(J33<='RFPR cover'!$C$9,"Actuals","Forecast") -> Actuals | K32: =IF(K33<='RFPR cover'!$C$9,"Actuals","Forecast") -> Forecast | L32: =IF(L33<='RFPR cover'!$C$9,"Actuals","Forecast") -> Forecast
E33: 2021 | F33: =E33+1 -> 2022 | G33: =F33+1 -> 2023 | H33: =G33+1 -> 2024 | I33: =H33+1 -> 2025 | J33: =I33+1 -> 2026 | K33: =J33+1 -> 2027 | L33: =K33+1 -> 2028
D34: RPI-CPIH real to nominal prices CF | E34: =IF(SectorCov="ED2",E28/INDEX($C$28:$N$28,MATCH($E$27,$C$27:$N$27,0)),E19/INDEX($C$19:$N$19,MATCH($C$18,$C$18:$N$18,0))) -> 1 | F34: =IF(SectorCov="ED2",F28/INDEX($C$28:$N$28,MATCH($E$27,$C$27:$N$27,0)),F19/INDEX($C$19:$N$19,MATCH($C$18,$C$18:$N$18,0))) -> 1.057762 | G34: =IF(SectorCov="ED2",G28/INDEX($C$28:$N$28,MATCH($E$27,$C$27:$N$27,0)),G19/INDEX($C$19:$N$19,MATCH($C$18,$C$18:$N$18,0))) -> 1.1939377 | H34: =IF(SectorCov="ED2",H28/INDEX($C$28:$N$28,MATCH($E$27,$C$27:$N$27,0)),H19/INDEX($C$19:$N$19,MATCH($C$18,$C$18:$N$18,0))) -> 1.2806227 | I34: =IF(SectorCov="ED2",I28/INDEX($C$28:$N$28,MATCH($E$27,$C$27:$N$27,0)),I19/INDEX($C$19:$N$19,MATCH($C$18,$C$18:$N$18,0))) -> 1.3217926 | J34: =IF(SectorCov="ED2",J28/INDEX($C$28:$N$28,MATCH($E$27,$C$27:$N$27,0)),J19/INDEX($C$19:$N$19,MATCH($C$18,$C$18:$N$18,0))) -> 1.3718375 | K34: =IF(SectorCov="ED2",K28/INDEX($C$28:$N$28,MATCH($E$27,$C$27:$N$27,0)),K19/INDEX($C$19:$N$19,MATCH($C$18,$C$18:$N$18,0))) -> 1.3888946 | L34: =IF(SectorCov="ED2",L28/INDEX($C$28:$N$28,MATCH($E$27,$C$27:$N$27,0)),L19/INDEX($C$19:$N$19,MATCH($C$18,$C$18:$N$18,0))) -> 1.4165978
D35: 1 year change in Fin Year Average RPI-CPIH | E35: =IF(Sector="ED2",INDEX(Data!$C$28:$N$28,MATCH(E$33,Data!$C$27:$N$27,0))/INDEX(Data!$C$28:$N$28,MATCH(E$33-1,Data!$C$27:$N$27,0)),INDEX(Data!$C$19:$N$19,MATCH(E$33,Data!$C$18:$N$18,0))/INDEX(Data!$C$19:$N$19,MATCH(E$33-1,Data!$C$18:$N$18,0))) -> 1.0121283 | F35: =IF(Sector="ED2",INDEX(Data!$C$28:$N$28,MATCH(F$33,Data!$C$27:$N$27,0))/INDEX(Data!$C$28:$N$28,MATCH(F$33-1,Data!$C$27:$N$27,0)),INDEX(Data!$C$19:$N$19,MATCH(F$33,Data!$C$18:$N$18,0))/INDEX(Data!$C$19:$N$19,MATCH(F$33-1,Data!$C$18:$N$18,0))) -> 1.057762 | G35: =IF(Sector="ED2",INDEX(Data!$C$28:$N$28,MATCH(G$33,Data!$C$27:$N$27,0))/INDEX(Data!$C$28:$N$28,MATCH(G$33-1,Data!$C$27:$N$27,0)),INDEX(Data!$C$19:$N$19,MATCH(G$33,Data!$C$18:$N$18,0))/INDEX(Data!$C$19:$N$19,MATCH(G$33-1,Data!$C$18:$N$18,0))) -> 1.1287394 | H35: =IF(Sector="ED2",INDEX(Data!$C$28:$N$28,MATCH(H$33,Data!$C$27:$N$27,0))/INDEX(Data!$C$28:$N$28,MATCH(H$33-1,Data!$C$27:$N$27,0)),INDEX(Data!$C$19:$N$19,MATCH(H$33,Data!$C$18:$N$18,0))/INDEX(Data!$C$19:$N$19,MATCH(H$33-1,Data!$C$18:$N$18,0))) -> 1.0726043 | I35: =IF(Sector="ED2",INDEX(Data!$C$28:$N$28,MATCH(I$33,Data!$C$27:$N$27,0))/INDEX(Data!$C$28:$N$28,MATCH(I$33-1,Data!$C$27:$N$27,0)),INDEX(Data!$C$19:$N$19,MATCH(I$33,Data!$C$18:$N$18,0))/INDEX(Data!$C$19:$N$19,MATCH(I$33-1,Data!$C$18:$N$18,0))) -> 1.0321484 | J35: =IF(Sector="ED2",INDEX(Data!$C$28:$N$28,MATCH(J$33,Data!$C$27:$N$27,0))/INDEX(Data!$C$28:$N$28,MATCH(J$33-1,Data!$C$27:$N$27,0)),INDEX(Data!$C$19:$N$19,MATCH(J$33,Data!$C$18:$N$18,0))/INDEX(Data!$C$19:$N$19,MATCH(J$33-1,Data!$C$18:$N$18,0))) -> 1.0378614 | K35: =IF(Sector="ED2",INDEX(Data!$C$28:$N$28,MATCH(K$33,Data!$C$27:$N$27,0))/INDEX(Data!$C$28:$N$28,MATCH(K$33-1,Data!$C$27:$N$27,0)),INDEX(Data!$C$19:$N$19,MATCH(K$33,Data!$C$18:$N$18,0))/INDEX(Data!$C$19:$N$19,MATCH(K$33-1,Data!$C$18:$N$18,0))) -> 1.0124338 | L35: =IF(Sector="ED2",INDEX(Data!$C$28:$N$28,MATCH(L$33,Data!$C$27:$N$27,0))/INDEX(Data!$C$28:$N$28,MATCH(L$33-1,Data!$C$27:$N$27,0)),INDEX(Data!$C$19:$N$19,MATCH(L$33,Data!$C$18:$N$18,0))/INDEX(Data!$C$19:$N$19,MATCH(L$33-1,Data!$C$18:$N$18,0))) -> 1.0199462
D36: Combined real to nominal prices conversion factor (financial year end) | E36: =IF(SectorCov="ED2",INDEX(Data!$C$29:$N$29,MATCH(E$33,Data!$C$27:$N$27,0))/Data!$E$28,INDEX(Data!$C$20:$N$20,MATCH(E$33,Data!$C$18:$N$18,0))/Data!$C$19) -> 1.0164306 | F36: =IF(SectorCov="ED2",INDEX(Data!$C$29:$N$29,MATCH(F$33,Data!$C$27:$N$27,0))/Data!$E$28,INDEX(Data!$C$20:$N$20,MATCH(F$33,Data!$C$18:$N$18,0))/Data!$C$19) -> 1.1185836 | G36: =IF(SectorCov="ED2",INDEX(Data!$C$29:$N$29,MATCH(G$33,Data!$C$27:$N$27,0))/Data!$E$28,INDEX(Data!$C$20:$N$20,MATCH(G$33,Data!$C$18:$N$18,0))/Data!$C$19) -> 1.2567228 | H36: =IF(SectorCov="ED2",INDEX(Data!$C$29:$N$29,MATCH(H$33,Data!$C$27:$N$27,0))/Data!$E$28,INDEX(Data!$C$20:$N$20,MATCH(H$33,Data!$C$18:$N$18,0))/Data!$C$19) -> 1.3006735 | I36: =IF(SectorCov="ED2",INDEX(Data!$C$29:$N$29,MATCH(I$33,Data!$C$27:$N$27,0))/Data!$E$28,INDEX(Data!$C$20:$N$20,MATCH(I$33,Data!$C$18:$N$18,0))/Data!$C$19) -> 1.3438607 | J36: =IF(SectorCov="ED2",INDEX(Data!$C$29:$N$29,MATCH(J$33,Data!$C$27:$N$27,0))/Data!$E$28,INDEX(Data!$C$20:$N$20,MATCH(J$33,Data!$C$18:$N$18,0))/Data!$C$19) -> 1.3750207 | K36: =IF(SectorCov="ED2",INDEX(Data!$C$29:$N$29,MATCH(K$33,Data!$C$27:$N$27,0))/Data!$E$28,INDEX(Data!$C$20:$N$20,MATCH(K$33,Data!$C$18:$N$18,0))/Data!$C$19) -> 1.4026449 | L36: =IF(SectorCov="ED2",INDEX(Data!$C$29:$N$29,MATCH(L$33,Data!$C$27:$N$27,0))/Data!$E$28,INDEX(Data!$C$20:$N$20,MATCH(L$33,Data!$C$18:$N$18,0))/Data!$C$19) -> 1.4294899
B37: *Note: The price conversion factors are derived from price indices in line with the inflation methodology in the PCFM to reflect actuals through June sourced from Office of National Statistics i.e. ONS (Historical data - https://www.ons.gov.uk/economy/inflationandpriceindices/timeseries/l522/mm23) and the forecast from the Office of Budget Responsibility i.e. OBR (https://obr.uk/data). Please refer to chapter 2 of the Price Control Financial Handbook for more information.
B40: Allowed cost of debt %
C41: 2022 | D41: =C41+1 -> 2023 | E41: =D41+1 -> 2024 | F41: =E41+1 -> 2025 | G41: =F41+1 -> 2026 | H41: =G41+1 -> 2027 | I41: =H41+1 -> 2028
B42: SSES | E42: 0.0304 | F42: 0.0311 | G42: 0.0313 | H42: 0.0313 | I42: 0.0314
B43: NGED-EMID | E43: 0.0304 | F43: 0.0311 | G43: 0.0313 | H43: 0.0313 | I43: 0.0314
B44: UKPN-EPN | E44: 0.0304 | F44: 0.0311 | G44: 0.0313 | H44: 0.0313 | I44: 0.0314
B45: ED - excluding SSES,NGED-EMID,UKPN-EPN | E45: 0.031 | F45: 0.0317 | G45: 0.0319 | H45: 0.0319 | I45: 0.0319
B46: SHET | C46: 0.018184708 | D46: 0.015816904 | E46: 0.018016 | F46: 0.023111514 | G46: 0.02662107
B47: ET - excluding SHET | C47: 0.0205 | D47: 0.019 | E47: 0.0192 | F47: 0.0211 | G47: 0.0226
B48: GD | C48: 0.0205 | D48: 0.019 | E48: 0.0192 | F48: 0.0211 | G48: 0.0226
B49: GD with Uplift | C49: 0.0211 | D49: 0.0196 | E49: 0.0198 | F49: 0.0217 | G49: 0.0232
B50: GT | C50: 0.0205 | D50: 0.019 | E50: 0.0192 | F50: 0.0211 | G50: 0.0226
B51: ESO | C51: -0.0006 | D51: 0.0212 | E51: 0.0501 | F51: 0.0473 | G51: 0.0419
B53: Allowed cost of equity %
A54: Sector | C54: 2022 | D54: =C54+1 -> 2023 | E54: =D54+1 -> 2024 | F54: =E54+1 -> 2025 | G54: =F54+1 -> 2026 | H54: =G54+1 -> 2027 | I54: =H54+1 -> 2028
A55: ED2 | B55: ED | E55: 0.052833944 | F55: 0.055875458 | G55: 0.054475396 | H55: 0.054934037 | I55: 0.055127149
A56: ET2 | B56: ET | C56: 0.04243945 | D56: 0.042616093 | E56: 0.049096839 | F56: 0.052011518 | G56: 0.050933685
A57: GD2 | B57: GD | C57: 0.045181881 | D57: 0.045568105 | E57: 0.052833944 | F57: 0.055875458 | G57: 0.054475396
A58: GT2 | B58: GT | C58: 0.045181881 | D58: 0.045568105 | E58: 0.052833944 | F58: 0.055875458 | G58: 0.054475396
A59: ESO2 | B59: ESO | C59: 0.075718976 | D59: 0.07551008 | E59: 0.071580224 | F59: 0.069935168 | G59: 0.070313792
C61: Funding Adjustment Rate (Sharing Factor) | D61: Gearing | E61: RIIO2 Start FY | F61: Price Basis | G61: CoD Category | H61: Allowed cost of debt | O61: Allowed cost of equity
A62: Sector | B62: Default | H62: 2022 | I62: =H62+1 -> 2023 | J62: =I62+1 -> 2024 | K62: =J62+1 -> 2025 | L62: =K62+1 -> 2026 | M62: =L62+1 -> 2027 | N62: =M62+1 -> 2028 | O62: 2022 | P62: =O62+1 -> 2023 | Q62: =P62+1 -> 2024 | R62: =Q62+1 -> 2025 | S62: =R62+1 -> 2026 | T62: =S62+1 -> 2027 | U62: =T62+1 -> 2028
A63: ED | B63: ENWL | C63: 0.506 | D63: 0.6 | E63: 2024 | F63: =VLOOKUP($A63,$H$6:$I$10,2,FALSE) -> £m 20/21 | G63: ED - excluding SSES,NGED-EMID,UKPN-EPN | J63: =INDEX($C$42:$I$51,MATCH($G63,$B$42:$B$51,0),MATCH(J$62,$C$41:$I$41)) -> 0.031 | K63: =INDEX($C$42:$I$51,MATCH($G63,$B$42:$B$51,0),MATCH(K$62,$C$41:$I$41)) -> 0.0317 | L63: =INDEX($C$42:$I$51,MATCH($G63,$B$42:$B$51,0),MATCH(L$62,$C$41:$I$41)) -> 0.0319 | M63: =INDEX($C$42:$I$51,MATCH($G63,$B$42:$B$51,0),MATCH(M$62,$C$41:$I$41)) -> 0.0319 | N63: =INDEX($C$42:$I$51,MATCH($G63,$B$42:$B$51,0),MATCH(N$62,$C$41:$I$41)) -> 0.0319 | Q63: =INDEX($C$55:$I$59,MATCH($A63,$B$55:$B$59,0),MATCH(Q$62,$C$54:$I$54)) -> 0.052833944 | R63: =INDEX($C$55:$I$59,MATCH($A63,$B$55:$B$59,0),MATCH(R$62,$C$54:$I$54)) -> 0.055875458 | S63: =INDEX($C$55:$I$59,MATCH($A63,$B$55:$B$59,0),MATCH(S$62,$C$54:$I$54)) -> 0.054475396 | T63: =INDEX($C$55:$I$59,MATCH($A63,$B$55:$B$59,0),MATCH(T$62,$C$54:$I$54)) -> 0.054934037 | U63: =INDEX($C$55:$I$59,MATCH($A63,$B$55:$B$59,0),MATCH(U$62,$C$54:$I$54)) -> 0.055127149
A64: ED | B64: NPgN | C64: 0.501 | D64: 0.6 | E64: 2024 | F64: =VLOOKUP($A64,$H$6:$I$10,2,FALSE) -> £m 20/21 | G64: ED - excluding SSES,NGED-EMID,UKPN-EPN | J64: =INDEX($C$42:$I$51,MATCH($G64,$B$42:$B$51,0),MATCH(J$62,$C$41:$I$41)) -> 0.031 | K64: =INDEX($C$42:$I$51,MATCH($G64,$B$42:$B$51,0),MATCH(K$62,$C$41:$I$41)) -> 0.0317 | L64: =INDEX($C$42:$I$51,MATCH($G64,$B$42:$B$51,0),MATCH(L$62,$C$41:$I$41)) -> 0.0319 | M64: =INDEX($C$42:$I$51,MATCH($G64,$B$42:$B$51,0),MATCH(M$62,$C$41:$I$41)) -> 0.0319 | N64: =INDEX($C$42:$I$51,MATCH($G64,$B$42:$B$51,0),MATCH(N$62,$C$41:$I$41)) -> 0.0319 | Q64: =INDEX($C$55:$I$59,MATCH($A64,$B$55:$B$59,0),MATCH(Q$62,$C$54:$I$54)) -> 0.052833944 | R64: =INDEX($C$55:$I$59,MATCH($A64,$B$55:$B$59,0),MATCH(R$62,$C$54:$I$54)) -> 0.055875458 | S64: =INDEX($C$55:$I$59,MATCH($A64,$B$55:$B$59,0),MATCH(S$62,$C$54:$I$54)) -> 0.054475396 | T64: =INDEX($C$55:$I$59,MATCH($A64,$B$55:$B$59,0),MATCH(T$62,$C$54:$I$54)) -> 0.054934037 | U64: =INDEX($C$55:$I$59,MATCH($A64,$B$55:$B$59,0),MATCH(U$62,$C$54:$I$54)) -> 0.055127149
A65: ED | B65: NPgY | C65: 0.501 | D65: 0.6 | E65: 2024 | F65: =VLOOKUP($A65,$H$6:$I$10,2,FALSE) -> £m 20/21 | G65: ED - excluding SSES,NGED-EMID,UKPN-EPN | J65: =INDEX($C$42:$I$51,MATCH($G65,$B$42:$B$51,0),MATCH(J$62,$C$41:$I$41)) -> 0.031 | K65: =INDEX($C$42:$I$51,MATCH($G65,$B$42:$B$51,0),MATCH(K$62,$C$41:$I$41)) -> 0.0317 | L65: =INDEX($C$42:$I$51,MATCH($G65,$B$42:$B$51,0),MATCH(L$62,$C$41:$I$41)) -> 0.0319 | M65: =INDEX($C$42:$I$51,MATCH($G65,$B$42:$B$51,0),MATCH(M$62,$C$41:$I$41)) -> 0.0319 | N65: =INDEX($C$42:$I$51,MATCH($G65,$B$42:$B$51,0),MATCH(N$62,$C$41:$I$41)) -> 0.0319 | Q65: =INDEX($C$55:$I$59,MATCH($A65,$B$55:$B$59,0),MATCH(Q$62,$C$54:$I$54)) -> 0.052833944 | R65: =INDEX($C$55:$I$59,MATCH($A65,$B$55:$B$59,0),MATCH(R$62,$C$54:$I$54)) -> 0.055875458 | S65: =INDEX($C$55:$I$59,MATCH($A65,$B$55:$B$59,0),MATCH(S$62,$C$54:$I$54)) -> 0.054475396 | T65: =INDEX($C$55:$I$59,MATCH($A65,$B$55:$B$59,0),MATCH(T$62,$C$54:$I$54)) -> 0.054934037 | U65: =INDEX($C$55:$I$59,MATCH($A65,$B$55:$B$59,0),MATCH(U$62,$C$54:$I$54)) -> 0.055127149
A66: ED | B66: UKPN-EPN | C66: 0.5 | D66: 0.6 | E66: 2024 | F66: =VLOOKUP($A66,$H$6:$I$10,2,FALSE) -> £m 20/21 | G66: UKPN-EPN | J66: =INDEX($C$42:$I$51,MATCH($G66,$B$42:$B$51,0),MATCH(J$62,$C$41:$I$41)) -> 0.0304 | K66: =INDEX($C$42:$I$51,MATCH($G66,$B$42:$B$51,0),MATCH(K$62,$C$41:$I$41)) -> 0.0311 | L66: =INDEX($C$42:$I$51,MATCH($G66,$B$42:$B$51,0),MATCH(L$62,$C$41:$I$41)) -> 0.0313 | M66: =INDEX($C$42:$I$51,MATCH($G66,$B$42:$B$51,0),MATCH(M$62,$C$41:$I$41)) -> 0.0313 | N66: =INDEX($C$42:$I$51,MATCH($G66,$B$42:$B$51,0),MATCH(N$62,$C$41:$I$41)) -> 0.0314 | Q66: =INDEX($C$55:$I$59,MATCH($A66,$B$55:$B$59,0),MATCH(Q$62,$C$54:$I$54)) -> 0.052833944 | R66: =INDEX($C$55:$I$59,MATCH($A66,$B$55:$B$59,0),MATCH(R$62,$C$54:$I$54)) -> 0.055875458 | S66: =INDEX($C$55:$I$59,MATCH($A66,$B$55:$B$59,0),MATCH(S$62,$C$54:$I$54)) -> 0.054475396 | T66: =INDEX($C$55:$I$59,MATCH($A66,$B$55:$B$59,0),MATCH(T$62,$C$54:$I$54)) -> 0.054934037 | U66: =INDEX($C$55:$I$59,MATCH($A66,$B$55:$B$59,0),MATCH(U$62,$C$54:$I$54)) -> 0.055127149
A67: ED | B67: UKPN-LPN | C67: 0.5 | D67: 0.6 | E67: 2024 | F67: =VLOOKUP($A67,$H$6:$I$10,2,FALSE) -> £m 20/21 | G67: ED - excluding SSES,NGED-EMID,UKPN-EPN | J67: =INDEX($C$42:$I$51,MATCH($G67,$B$42:$B$51,0),MATCH(J$62,$C$41:$I$41)) -> 0.031 | K67: =INDEX($C$42:$I$51,MATCH($G67,$B$42:$B$51,0),MATCH(K$62,$C$41:$I$41)) -> 0.0317 | L67: =INDEX($C$42:$I$51,MATCH($G67,$B$42:$B$51,0),MATCH(L$62,$C$41:$I$41)) -> 0.0319 | M67: =INDEX($C$42:$I$51,MATCH($G67,$B$42:$B$51,0),MATCH(M$62,$C$41:$I$41)) -> 0.0319 | N67: =INDEX($C$42:$I$51,MATCH($G67,$B$42:$B$51,0),MATCH(N$62,$C$41:$I$41)) -> 0.0319 | Q67: =INDEX($C$55:$I$59,MATCH($A67,$B$55:$B$59,0),MATCH(Q$62,$C$54:$I$54)) -> 0.052833944 | R67: =INDEX($C$55:$I$59,MATCH($A67,$B$55:$B$59,0),MATCH(R$62,$C$54:$I$54)) -> 0.055875458 | S67: =INDEX($C$55:$I$59,MATCH($A67,$B$55:$B$59,0),MATCH(S$62,$C$54:$I$54)) -> 0.054475396 | T67: =INDEX($C$55:$I$59,MATCH($A67,$B$55:$B$59,0),MATCH(T$62,$C$54:$I$54)) -> 0.054934037 | U67: =INDEX($C$55:$I$59,MATCH($A67,$B$55:$B$59,0),MATCH(U$62,$C$54:$I$54)) -> 0.055127149
A68: ED | B68: UKPN-SPN | C68: 0.5 | D68: 0.6 | E68: 2024 | F68: =VLOOKUP($A68,$H$6:$I$10,2,FALSE) -> £m 20/21 | G68: ED - excluding SSES,NGED-EMID,UKPN-EPN | J68: =INDEX($C$42:$I$51,MATCH($G68,$B$42:$B$51,0),MATCH(J$62,$C$41:$I$41)) -> 0.031 | K68: =INDEX($C$42:$I$51,MATCH($G68,$B$42:$B$51,0),MATCH(K$62,$C$41:$I$41)) -> 0.0317 | L68: =INDEX($C$42:$I$51,MATCH($G68,$B$42:$B$51,0),MATCH(L$62,$C$41:$I$41)) -> 0.0319 | M68: =INDEX($C$42:$I$51,MATCH($G68,$B$42:$B$51,0),MATCH(M$62,$C$41:$I$41)) -> 0.0319 | N68: =INDEX($C$42:$I$51,MATCH($G68,$B$42:$B$51,0),MATCH(N$62,$C$41:$I$41)) -> 0.0319 | Q68: =INDEX($C$55:$I$59,MATCH($A68,$B$55:$B$59,0),MATCH(Q$62,$C$54:$I$54)) -> 0.052833944 | R68: =INDEX($C$55:$I$59,MATCH($A68,$B$55:$B$59,0),MATCH(R$62,$C$54:$I$54)) -> 0.055875458 | S68: =INDEX($C$55:$I$59,MATCH($A68,$B$55:$B$59,0),MATCH(S$62,$C$54:$I$54)) -> 0.054475396 | T68: =INDEX($C$55:$I$59,MATCH($A68,$B$55:$B$59,0),MATCH(T$62,$C$54:$I$54)) -> 0.054934037 | U68: =INDEX($C$55:$I$59,MATCH($A68,$B$55:$B$59,0),MATCH(U$62,$C$54:$I$54)) -> 0.055127149
A69: ED | B69: SPD | C69: 0.5 | D69: 0.6 | E69: 2024 | F69: =VLOOKUP($A69,$H$6:$I$10,2,FALSE) -> £m 20/21 | G69: ED - excluding SSES,NGED-EMID,UKPN-EPN | J69: =INDEX($C$42:$I$51,MATCH($G69,$B$42:$B$51,0),MATCH(J$62,$C$41:$I$41)) -> 0.031 | K69: =INDEX($C$42:$I$51,MATCH($G69,$B$42:$B$51,0),MATCH(K$62,$C$41:$I$41)) -> 0.0317 | L69: =INDEX($C$42:$I$51,MATCH($G69,$B$42:$B$51,0),MATCH(L$62,$C$41:$I$41)) -> 0.0319 | M69: =INDEX($C$42:$I$51,MATCH($G69,$B$42:$B$51,0),MATCH(M$62,$C$41:$I$41)) -> 0.0319 | N69: =INDEX($C$42:$I$51,MATCH($G69,$B$42:$B$51,0),MATCH(N$62,$C$41:$I$41)) -> 0.0319 | Q69: =INDEX($C$55:$I$59,MATCH($A69,$B$55:$B$59,0),MATCH(Q$62,$C$54:$I$54)) -> 0.052833944 | R69: =INDEX($C$55:$I$59,MATCH($A69,$B$55:$B$59,0),MATCH(R$62,$C$54:$I$54)) -> 0.055875458 | S69: =INDEX($C$55:$I$59,MATCH($A69,$B$55:$B$59,0),MATCH(S$62,$C$54:$I$54)) -> 0.054475396 | T69: =INDEX($C$55:$I$59,MATCH($A69,$B$55:$B$59,0),MATCH(T$62,$C$54:$I$54)) -> 0.054934037 | U69: =INDEX($C$55:$I$59,MATCH($A69,$B$55:$B$59,0),MATCH(U$62,$C$54:$I$54)) -> 0.055127149
A70: ED | B70: SPMW | C70: 0.5 | D70: 0.6 | E70: 2024 | F70: =VLOOKUP($A70,$H$6:$I$10,2,FALSE) -> £m 20/21 | G70: ED - excluding SSES,NGED-EMID,UKPN-EPN | J70: =INDEX($C$42:$I$51,MATCH($G70,$B$42:$B$51,0),MATCH(J$62,$C$41:$I$41)) -> 0.031 | K70: =INDEX($C$42:$I$51,MATCH($G70,$B$42:$B$51,0),MATCH(K$62,$C$41:$I$41)) -> 0.0317 | L70: =INDEX($C$42:$I$51,MATCH($G70,$B$42:$B$51,0),MATCH(L$62,$C$41:$I$41)) -> 0.0319 | M70: =INDEX($C$42:$I$51,MATCH($G70,$B$42:$B$51,0),MATCH(M$62,$C$41:$I$41)) -> 0.0319 | N70: =INDEX($C$42:$I$51,MATCH($G70,$B$42:$B$51,0),MATCH(N$62,$C$41:$I$41)) -> 0.0319 | Q70: =INDEX($C$55:$I$59,MATCH($A70,$B$55:$B$59,0),MATCH(Q$62,$C$54:$I$54)) -> 0.052833944 | R70: =INDEX($C$55:$I$59,MATCH($A70,$B$55:$B$59,0),MATCH(R$62,$C$54:$I$54)) -> 0.055875458 | S70: =INDEX($C$55:$I$59,MATCH($A70,$B$55:$B$59,0),MATCH(S$62,$C$54:$I$54)) -> 0.054475396 | T70: =INDEX($C$55:$I$59,MATCH($A70,$B$55:$B$59,0),MATCH(T$62,$C$54:$I$54)) -> 0.054934037 | U70: =INDEX($C$55:$I$59,MATCH($A70,$B$55:$B$59,0),MATCH(U$62,$C$54:$I$54)) -> 0.055127149
A71: ED | B71: SSEH | C71: 0.507 | D71: 0.6 | E71: 2024 | F71: =VLOOKUP($A71,$H$6:$I$10,2,FALSE) -> £m 20/21 | G71: ED - excluding SSES,NGED-EMID,UKPN-EPN | J71: =INDEX($C$42:$I$51,MATCH($G71,$B$42:$B$51,0),MATCH(J$62,$C$41:$I$41)) -> 0.031 | K71: =INDEX($C$42:$I$51,MATCH($G71,$B$42:$B$51,0),MATCH(K$62,$C$41:$I$41)) -> 0.0317 | L71: =INDEX($C$42:$I$51,MATCH($G71,$B$42:$B$51,0),MATCH(L$62,$C$41:$I$41)) -> 0.0319 | M71: =INDEX($C$42:$I$51,MATCH($G71,$B$42:$B$51,0),MATCH(M$62,$C$41:$I$41)) -> 0.0319 | N71: =INDEX($C$42:$I$51,MATCH($G71,$B$42:$B$51,0),MATCH(N$62,$C$41:$I$41)) -> 0.0319 | Q71: =INDEX($C$55:$I$59,MATCH($A71,$B$55:$B$59,0),MATCH(Q$62,$C$54:$I$54)) -> 0.052833944 | R71: =INDEX($C$55:$I$59,MATCH($A71,$B$55:$B$59,0),MATCH(R$62,$C$54:$I$54)) -> 0.055875458 | S71: =INDEX($C$55:$I$59,MATCH($A71,$B$55:$B$59,0),MATCH(S$62,$C$54:$I$54)) -> 0.054475396 | T71: =INDEX($C$55:$I$59,MATCH($A71,$B$55:$B$59,0),MATCH(T$62,$C$54:$I$54)) -> 0.054934037 | U71: =INDEX($C$55:$I$59,MATCH($A71,$B$55:$B$59,0),MATCH(U$62,$C$54:$I$54)) -> 0.055127149
A72: ED | B72: SSES | C72: 0.507 | D72: 0.6 | E72: 2024 | F72: =VLOOKUP($A72,$H$6:$I$10,2,FALSE) -> £m 20/21 | G72: SSES | J72: =INDEX($C$42:$I$51,MATCH($G72,$B$42:$B$51,0),MATCH(J$62,$C$41:$I$41)) -> 0.0304 | K72: =INDEX($C$42:$I$51,MATCH($G72,$B$42:$B$51,0),MATCH(K$62,$C$41:$I$41)) -> 0.0311 | L72: =INDEX($C$42:$I$51,MATCH($G72,$B$42:$B$51,0),MATCH(L$62,$C$41:$I$41)) -> 0.0313 | M72: =INDEX($C$42:$I$51,MATCH($G72,$B$42:$B$51,0),MATCH(M$62,$C$41:$I$41)) -> 0.0313 | N72: =INDEX($C$42:$I$51,MATCH($G72,$B$42:$B$51,0),MATCH(N$62,$C$41:$I$41)) -> 0.0314 | Q72: =INDEX($C$55:$I$59,MATCH($A72,$B$55:$B$59,0),MATCH(Q$62,$C$54:$I$54)) -> 0.052833944 | R72: =INDEX($C$55:$I$59,MATCH($A72,$B$55:$B$59,0),MATCH(R$62,$C$54:$I$54)) -> 0.055875458 | S72: =INDEX($C$55:$I$59,MATCH($A72,$B$55:$B$59,0),MATCH(S$62,$C$54:$I$54)) -> 0.054475396 | T72: =INDEX($C$55:$I$59,MATCH($A72,$B$55:$B$59,0),MATCH(T$62,$C$54:$I$54)) -> 0.054934037 | U72: =INDEX($C$55:$I$59,MATCH($A72,$B$55:$B$59,0),MATCH(U$62,$C$54:$I$54)) -> 0.055127149
A73: ED | B73: NGED-EMID | C73: 0.5 | D73: 0.6 | E73: 2024 | F73: =VLOOKUP($A73,$H$6:$I$10,2,FALSE) -> £m 20/21 | G73: NGED-EMID | J73: =INDEX($C$42:$I$51,MATCH($G73,$B$42:$B$51,0),MATCH(J$62,$C$41:$I$41)) -> 0.0304 | K73: =INDEX($C$42:$I$51,MATCH($G73,$B$42:$B$51,0),MATCH(K$62,$C$41:$I$41)) -> 0.0311 | L73: =INDEX($C$42:$I$51,MATCH($G73,$B$42:$B$51,0),MATCH(L$62,$C$41:$I$41)) -> 0.0313 | M73: =INDEX($C$42:$I$51,MATCH($G73,$B$42:$B$51,0),MATCH(M$62,$C$41:$I$41)) -> 0.0313 | N73: =INDEX($C$42:$I$51,MATCH($G73,$B$42:$B$51,0),MATCH(N$62,$C$41:$I$41)) -> 0.0314 | Q73: =INDEX($C$55:$I$59,MATCH($A73,$B$55:$B$59,0),MATCH(Q$62,$C$54:$I$54)) -> 0.052833944 | R73: =INDEX($C$55:$I$59,MATCH($A73,$B$55:$B$59,0),MATCH(R$62,$C$54:$I$54)) -> 0.055875458 | S73: =INDEX($C$55:$I$59,MATCH($A73,$B$55:$B$59,0),MATCH(S$62,$C$54:$I$54)) -> 0.054475396 | T73: =INDEX($C$55:$I$59,MATCH($A73,$B$55:$B$59,0),MATCH(T$62,$C$54:$I$54)) -> 0.054934037 | U73: =INDEX($C$55:$I$59,MATCH($A73,$B$55:$B$59,0),MATCH(U$62,$C$54:$I$54)) -> 0.055127149
A74: ED | B74: NGED-WMID | C74: 0.5 | D74: 0.6 | E74: 2024 | F74: =VLOOKUP($A74,$H$6:$I$10,2,FALSE) -> £m 20/21 | G74: ED - excluding SSES,NGED-EMID,UKPN-EPN | J74: =INDEX($C$42:$I$51,MATCH($G74,$B$42:$B$51,0),MATCH(J$62,$C$41:$I$41)) -> 0.031 | K74: =INDEX($C$42:$I$51,MATCH($G74,$B$42:$B$51,0),MATCH(K$62,$C$41:$I$41)) -> 0.0317 | L74: =INDEX($C$42:$I$51,MATCH($G74,$B$42:$B$51,0),MATCH(L$62,$C$41:$I$41)) -> 0.0319 | M74: =INDEX($C$42:$I$51,MATCH($G74,$B$42:$B$51,0),MATCH(M$62,$C$41:$I$41)) -> 0.0319 | N74: =INDEX($C$42:$I$51,MATCH($G74,$B$42:$B$51,0),MATCH(N$62,$C$41:$I$41)) -> 0.0319 | Q74: =INDEX($C$55:$I$59,MATCH($A74,$B$55:$B$59,0),MATCH(Q$62,$C$54:$I$54)) -> 0.052833944 | R74: =INDEX($C$55:$I$59,MATCH($A74,$B$55:$B$59,0),MATCH(R$62,$C$54:$I$54)) -> 0.055875458 | S74: =INDEX($C$55:$I$59,MATCH($A74,$B$55:$B$59,0),MATCH(S$62,$C$54:$I$54)) -> 0.054475396 | T74: =INDEX($C$55:$I$59,MATCH($A74,$B$55:$B$59,0),MATCH(T$62,$C$54:$I$54)) -> 0.054934037 | U74: =INDEX($C$55:$I$59,MATCH($A74,$B$55:$B$59,0),MATCH(U$62,$C$54:$I$54)) -> 0.055127149
... A76: ED | B76: NGED-SWEST | C76: 0.5 | D76: 0.6 | E76: 2024 | F76: =VLOOKUP($A76,$H$6:$I$10,2,FALSE) -> £m 20/21 | G76: ED - excluding SSES,NGED-EMID,UKPN-EPN | J76: =INDEX($C$42:$I$51,MATCH($G76,$B$42:$B$51,0),MATCH(J$62,$C$41:$I$41)) -> 0.031 | K76: =INDEX($C$42:$I$51,MATCH($G76,$B$42:$B$51,0),MATCH(K$62,$C$41:$I$41)) -> 0.0317 | L76: =INDEX($C$42:$I$51,MATCH($G76,$B$42:$B$51,0),MATCH(L$62,$C$41:$I$41)) -> 0.0319 | M76: =INDEX($C$42:$I$51,MATCH($G76,$B$42:$B$51,0),MATCH(M$62,$C$41:$I$41)) -> 0.0319 | N76: =INDEX($C$42:$I$51,MATCH($G76,$B$42:$B$51,0),MATCH(N$62,$C$41:$I$41)) -> 0.0319 | Q76: =INDEX($C$55:$I$59,MATCH($A76,$B$55:$B$59,0),MATCH(Q$62,$C$54:$I$54)) -> 0.052833944 | R76: =INDEX($C$55:$I$59,MATCH($A76,$B$55:$B$59,0),MATCH(R$62,$C$54:$I$54)) -> 0.055875458 | S76: =INDEX($C$55:$I$59,MATCH($A76,$B$55:$B$59,0),MATCH(S$62,$C$54:$I$54)) -> 0.054475396 | T76: =INDEX($C$55:$I$59,MATCH($A76,$B$55:$B$59,0),MATCH(T$62,$C$54:$I$54)) -> 0.054934037 | U76: =INDEX($C$55:$I$59,MATCH($A76,$B$55:$B$59,0),MATCH(U$62,$C$54:$I$54)) -> 0.055127149
A77: GD | B77: Cadent-EOE | C77: 0.5 | D77: 0.6 | E77: 2022 | F77: =VLOOKUP($A77,$H$6:$I$10,2,FALSE) -> £m 18/19 | G77: GD | H77: =INDEX($C$42:$I$51,MATCH($G77,$B$42:$B$51,0),MATCH(H$62,$C$41:$I$41)) -> 0.0205 | I77: =INDEX($C$42:$I$51,MATCH($G77,$B$42:$B$51,0),MATCH(I$62,$C$41:$I$41)) -> 0.019 | J77: =INDEX($C$42:$I$51,MATCH($G77,$B$42:$B$51,0),MATCH(J$62,$C$41:$I$41)) -> 0.0192 | K77: =INDEX($C$42:$I$51,MATCH($G77,$B$42:$B$51,0),MATCH(K$62,$C$41:$I$41)) -> 0.0211 | L77: =INDEX($C$42:$I$51,MATCH($G77,$B$42:$B$51,0),MATCH(L$62,$C$41:$I$41)) -> 0.0226 | O77: =INDEX($C$55:$I$59,MATCH($A77,$B$55:$B$59,0),MATCH(O$62,$C$54:$I$54)) -> 0.045181881 | P77: =INDEX($C$55:$I$59,MATCH($A77,$B$55:$B$59,0),MATCH(P$62,$C$54:$I$54)) -> 0.045568105 | Q77: =INDEX($C$55:$I$59,MATCH($A77,$B$55:$B$59,0),MATCH(Q$62,$C$54:$I$54)) -> 0.052833944 | R77: =INDEX($C$55:$I$59,MATCH($A77,$B$55:$B$59,0),MATCH(R$62,$C$54:$I$54)) -> 0.055875458 | S77: =INDEX($C$55:$I$59,MATCH($A77,$B$55:$B$59,0),MATCH(S$62,$C$54:$I$54)) -> 0.054475396
A78: GD | B78: Cadent-London | C78: 0.5 | D78: 0.6 | E78: 2022 | F78: =VLOOKUP($A78,$H$6:$I$10,2,FALSE) -> £m 18/19 | G78: GD | H78: =INDEX($C$42:$I$51,MATCH($G78,$B$42:$B$51,0),MATCH(H$62,$C$41:$I$41)) -> 0.0205 | I78: =INDEX($C$42:$I$51,MATCH($G78,$B$42:$B$51,0),MATCH(I$62,$C$41:$I$41)) -> 0.019 | J78: =INDEX($C$42:$I$51,MATCH($G78,$B$42:$B$51,0),MATCH(J$62,$C$41:$I$41)) -> 0.0192 | K78: =INDEX($C$42:$I$51,MATCH($G78,$B$42:$B$51,0),MATCH(K$62,$C$41:$I$41)) -> 0.0211 | L78: =INDEX($C$42:$I$51,MATCH($G78,$B$42:$B$51,0),MATCH(L$62,$C$41:$I$41)) -> 0.0226 | O78: =INDEX($C$55:$I$59,MATCH($A78,$B$55:$B$59,0),MATCH(O$62,$C$54:$I$54)) -> 0.045181881 | P78: =INDEX($C$55:$I$59,MATCH($A78,$B$55:$B$59,0),MATCH(P$62,$C$54:$I$54)) -> 0.045568105 | Q78: =INDEX($C$55:$I$59,MATCH($A78,$B$55:$B$59,0),MATCH(Q$62,$C$54:$I$54)) -> 0.052833944 | R78: =INDEX($C$55:$I$59,MATCH($A78,$B$55:$B$59,0),MATCH(R$62,$C$54:$I$54)) -> 0.055875458 | S78: =INDEX($C$55:$I$59,MATCH($A78,$B$55:$B$59,0),MATCH(S$62,$C$54:$I$54)) -> 0.054475396
A79: GD | B79: Cadent-WM | C79: 0.5 | D79: 0.6 | E79: 2022 | F79: =VLOOKUP($A79,$H$6:$I$10,2,FALSE) -> £m 18/19 | G79: GD | H79: =INDEX($C$42:$I$51,MATCH($G79,$B$42:$B$51,0),MATCH(H$62,$C$41:$I$41)) -> 0.0205 | I79: =INDEX($C$42:$I$51,MATCH($G79,$B$42:$B$51,0),MATCH(I$62,$C$41:$I$41)) -> 0.019 | J79: =INDEX($C$42:$I$51,MATCH($G79,$B$42:$B$51,0),MATCH(J$62,$C$41:$I$41)) -> 0.0192 | K79: =INDEX($C$42:$I$51,MATCH($G79,$B$42:$B$51,0),MATCH(K$62,$C$41:$I$41)) -> 0.0211 | L79: =INDEX($C$42:$I$51,MATCH($G79,$B$42:$B$51,0),MATCH(L$62,$C$41:$I$41)) -> 0.0226 | O79: =INDEX($C$55:$I$59,MATCH($A79,$B$55:$B$59,0),MATCH(O$62,$C$54:$I$54)) -> 0.045181881 | P79: =INDEX($C$55:$I$59,MATCH($A79,$B$55:$B$59,0),MATCH(P$62,$C$54:$I$54)) -> 0.045568105 | Q79: =INDEX($C$55:$I$59,MATCH($A79,$B$55:$B$59,0),MATCH(Q$62,$C$54:$I$54)) -> 0.052833944 | R79: =INDEX($C$55:$I$59,MATCH($A79,$B$55:$B$59,0),MATCH(R$62,$C$54:$I$54)) -> 0.055875458 | S79: =INDEX($C$55:$I$59,MATCH($A79,$B$55:$B$59,0),MATCH(S$62,$C$54:$I$54)) -> 0.054475396
A80: GD | B80: Cadent-NW | C80: 0.5 | D80: 0.6 | E80: 2022 | F80: =VLOOKUP($A80,$H$6:$I$10,2,FALSE) -> £m 18/19 | G80: GD | H80: =INDEX($C$42:$I$51,MATCH($G80,$B$42:$B$51,0),MATCH(H$62,$C$41:$I$41)) -> 0.0205 | I80: =INDEX($C$42:$I$51,MATCH($G80,$B$42:$B$51,0),MATCH(I$62,$C$41:$I$41)) -> 0.019 | J80: =INDEX($C$42:$I$51,MATCH($G80,$B$42:$B$51,0),MATCH(J$62,$C$41:$I$41)) -> 0.0192 | K80: =INDEX($C$42:$I$51,MATCH($G80,$B$42:$B$51,0),MATCH(K$62,$C$41:$I$41)) -> 0.0211 | L80: =INDEX($C$42:$I$51,MATCH($G80,$B$42:$B$51,0),MATCH(L$62,$C$41:$I$41)) -> 0.0226 | O80: =INDEX($C$55:$I$59,MATCH($A80,$B$55:$B$59,0),MATCH(O$62,$C$54:$I$54)) -> 0.045181881 | P80: =INDEX($C$55:$I$59,MATCH($A80,$B$55:$B$59,0),MATCH(P$62,$C$54:$I$54)) -> 0.045568105 | Q80: =INDEX($C$55:$I$59,MATCH($A80,$B$55:$B$59,0),MATCH(Q$62,$C$54:$I$54)) -> 0.052833944 | R80: =INDEX($C$55:$I$59,MATCH($A80,$B$55:$B$59,0),MATCH(R$62,$C$54:$I$54)) -> 0.055875458 | S80: =INDEX($C$55:$I$59,MATCH($A80,$B$55:$B$59,0),MATCH(S$62,$C$54:$I$54)) -> 0.054475396
A81: GD | B81: NGN | C81: 0.51 | D81: 0.6 | E81: 2022 | F81: =VLOOKUP($A81,$H$6:$I$10,2,FALSE) -> £m 18/19 | G81: GD with Uplift | H81: =INDEX($C$42:$I$51,MATCH($G81,$B$42:$B$51,0),MATCH(H$62,$C$41:$I$41)) -> 0.0211 | I81: =INDEX($C$42:$I$51,MATCH($G81,$B$42:$B$51,0),MATCH(I$62,$C$41:$I$41)) -> 0.0196 | J81: =INDEX($C$42:$I$51,MATCH($G81,$B$42:$B$51,0),MATCH(J$62,$C$41:$I$41)) -> 0.0198 | K81: =INDEX($C$42:$I$51,MATCH($G81,$B$42:$B$51,0),MATCH(K$62,$C$41:$I$41)) -> 0.0217 | L81: =INDEX($C$42:$I$51,MATCH($G81,$B$42:$B$51,0),MATCH(L$62,$C$41:$I$41)) -> 0.0232 | O81: =INDEX($C$55:$I$59,MATCH($A81,$B$55:$B$59,0),MATCH(O$62,$C$54:$I$54)) -> 0.045181881 | P81: =INDEX($C$55:$I$59,MATCH($A81,$B$55:$B$59,0),MATCH(P$62,$C$54:$I$54)) -> 0.045568105 | Q81: =INDEX($C$55:$I$59,MATCH($A81,$B$55:$B$59,0),MATCH(Q$62,$C$54:$I$54)) -> 0.052833944 | R81: =INDEX($C$55:$I$59,MATCH($A81,$B$55:$B$59,0),MATCH(R$62,$C$54:$I$54)) -> 0.055875458 | S81: =INDEX($C$55:$I$59,MATCH($A81,$B$55:$B$59,0),MATCH(S$62,$C$54:$I$54)) -> 0.054475396
A82: GD | B82: SGN - Scotland | C82: 0.51 | D82: 0.6 | E82: 2022 | F82: =VLOOKUP($A82,$H$6:$I$10,2,FALSE) -> £m 18/19 | G82: GD with Uplift | H82: =INDEX($C$42:$I$51,MATCH($G82,$B$42:$B$51,0),MATCH(H$62,$C$41:$I$41)) -> 0.0211 | I82: =INDEX($C$42:$I$51,MATCH($G82,$B$42:$B$51,0),MATCH(I$62,$C$41:$I$41)) -> 0.0196 | J82: =INDEX($C$42:$I$51,MATCH($G82,$B$42:$B$51,0),MATCH(J$62,$C$41:$I$41)) -> 0.0198 | K82: =INDEX($C$42:$I$51,MATCH($G82,$B$42:$B$51,0),MATCH(K$62,$C$41:$I$41)) -> 0.0217 | L82: =INDEX($C$42:$I$51,MATCH($G82,$B$42:$B$51,0),MATCH(L$62,$C$41:$I$41)) -> 0.0232 | O82: =INDEX($C$55:$I$59,MATCH($A82,$B$55:$B$59,0),MATCH(O$62,$C$54:$I$54)) -> 0.045181881 | P82: =INDEX($C$55:$I$59,MATCH($A82,$B$55:$B$59,0),MATCH(P$62,$C$54:$I$54)) -> 0.045568105 | Q82: =INDEX($C$55:$I$59,MATCH($A82,$B$55:$B$59,0),MATCH(Q$62,$C$54:$I$54)) -> 0.052833944 | R82: =INDEX($C$55:$I$59,MATCH($A82,$B$55:$B$59,0),MATCH(R$62,$C$54:$I$54)) -> 0.055875458 | S82: =INDEX($C$55:$I$59,MATCH($A82,$B$55:$B$59,0),MATCH(S$62,$C$54:$I$54)) -> 0.054475396
A83: GD | B83: SGN - Southern | C83: 0.5 | D83: 0.6 | E83: 2022 | F83: =VLOOKUP($A83,$H$6:$I$10,2,FALSE) -> £m 18/19 | G83: GD | H83: =INDEX($C$42:$I$51,MATCH($G83,$B$42:$B$51,0),MATCH(H$62,$C$41:$I$41)) -> 0.0205 | I83: =INDEX($C$42:$I$51,MATCH($G83,$B$42:$B$51,0),MATCH(I$62,$C$41:$I$41)) -> 0.019 | J83: =INDEX($C$42:$I$51,MATCH($G83,$B$42:$B$51,0),MATCH(J$62,$C$41:$I$41)) -> 0.0192 | K83: =INDEX($C$42:$I$51,MATCH($G83,$B$42:$B$51,0),MATCH(K$62,$C$41:$I$41)) -> 0.0211 | L83: =INDEX($C$42:$I$51,MATCH($G83,$B$42:$B$51,0),MATCH(L$62,$C$41:$I$41)) -> 0.0226 | O83: =INDEX($C$55:$I$59,MATCH($A83,$B$55:$B$59,0),MATCH(O$62,$C$54:$I$54)) -> 0.045181881 | P83: =INDEX($C$55:$I$59,MATCH($A83,$B$55:$B$59,0),MATCH(P$62,$C$54:$I$54)) -> 0.045568105 | Q83: =INDEX($C$55:$I$59,MATCH($A83,$B$55:$B$59,0),MATCH(Q$62,$C$54:$I$54)) -> 0.052833944 | R83: =INDEX($C$55:$I$59,MATCH($A83,$B$55:$B$59,0),MATCH(R$62,$C$54:$I$54)) -> 0.055875458 | S83: =INDEX($C$55:$I$59,MATCH($A83,$B$55:$B$59,0),MATCH(S$62,$C$54:$I$54)) -> 0.054475396
A84: GD | B84: WWU | C84: 0.5 | D84: 0.6 | E84: 2022 | F84: =VLOOKUP($A84,$H$6:$I$10,2,FALSE) -> £m 18/19 | G84: GD with Uplift | H84: =INDEX($C$42:$I$51,MATCH($G84,$B$42:$B$51,0),MATCH(H$62,$C$41:$I$41)) -> 0.0211 | I84: =INDEX($C$42:$I$51,MATCH($G84,$B$42:$B$51,0),MATCH(I$62,$C$41:$I$41)) -> 0.0196 | J84: =INDEX($C$42:$I$51,MATCH($G84,$B$42:$B$51,0),MATCH(J$62,$C$41:$I$41)) -> 0.0198 | K84: =INDEX($C$42:$I$51,MATCH($G84,$B$42:$B$51,0),MATCH(K$62,$C$41:$I$41)) -> 0.0217 | L84: =INDEX($C$42:$I$51,MATCH($G84,$B$42:$B$51,0),MATCH(L$62,$C$41:$I$41)) -> 0.0232 | O84: =INDEX($C$55:$I$59,MATCH($A84,$B$55:$B$59,0),MATCH(O$62,$C$54:$I$54)) -> 0.045181881 | P84: =INDEX($C$55:$I$59,MATCH($A84,$B$55:$B$59,0),MATCH(P$62,$C$54:$I$54)) -> 0.045568105 | Q84: =INDEX($C$55:$I$59,MATCH($A84,$B$55:$B$59,0),MATCH(Q$62,$C$54:$I$54)) -> 0.052833944 | R84: =INDEX($C$55:$I$59,MATCH($A84,$B$55:$B$59,0),MATCH(R$62,$C$54:$I$54)) -> 0.055875458 | S84: =INDEX($C$55:$I$59,MATCH($A84,$B$55:$B$59,0),MATCH(S$62,$C$54:$I$54)) -> 0.054475396
A85: GT | B85: NGGT (TO) | C85: 0.61 | D85: 0.6 | E85: 2022 | F85: =VLOOKUP($A85,$H$6:$I$10,2,FALSE) -> £m 18/19 | G85: GT | H85: =INDEX($C$42:$I$51,MATCH($G85,$B$42:$B$51,0),MATCH(H$62,$C$41:$I$41)) -> 0.0205 | I85: =INDEX($C$42:$I$51,MATCH($G85,$B$42:$B$51,0),MATCH(I$62,$C$41:$I$41)) -> 0.019 | J85: =INDEX($C$42:$I$51,MATCH($G85,$B$42:$B$51,0),MATCH(J$62,$C$41:$I$41)) -> 0.0192 | K85: =INDEX($C$42:$I$51,MATCH($G85,$B$42:$B$51,0),MATCH(K$62,$C$41:$I$41)) -> 0.0211 | L85: =INDEX($C$42:$I$51,MATCH($G85,$B$42:$B$51,0),MATCH(L$62,$C$41:$I$41)) -> 0.0226 | O85: =INDEX($C$55:$I$59,MATCH($A85,$B$55:$B$59,0),MATCH(O$62,$C$54:$I$54)) -> 0.045181881 | P85: =INDEX($C$55:$I$59,MATCH($A85,$B$55:$B$59,0),MATCH(P$62,$C$54:$I$54)) -> 0.045568105 | Q85: =INDEX($C$55:$I$59,MATCH($A85,$B$55:$B$59,0),MATCH(Q$62,$C$54:$I$54)) -> 0.052833944 | R85: =INDEX($C$55:$I$59,MATCH($A85,$B$55:$B$59,0),MATCH(R$62,$C$54:$I$54)) -> 0.055875458 | S85: =INDEX($C$55:$I$59,MATCH($A85,$B$55:$B$59,0),MATCH(S$62,$C$54:$I$54)) -> 0.054475396
A86: GT | B86: NGGT (SO) | C86: 0.61 | D86: 0.6 | E86: 2022 | F86: =VLOOKUP($A86,$H$6:$I$10,2,FALSE) -> £m 18/19 | G86: GT | H86: =INDEX($C$42:$I$51,MATCH($G86,$B$42:$B$51,0),MATCH(H$62,$C$41:$I$41)) -> 0.0205 | I86: =INDEX($C$42:$I$51,MATCH($G86,$B$42:$B$51,0),MATCH(I$62,$C$41:$I$41)) -> 0.019 | J86: =INDEX($C$42:$I$51,MATCH($G86,$B$42:$B$51,0),MATCH(J$62,$C$41:$I$41)) -> 0.0192 | K86: =INDEX($C$42:$I$51,MATCH($G86,$B$42:$B$51,0),MATCH(K$62,$C$41:$I$41)) -> 0.0211 | L86: =INDEX($C$42:$I$51,MATCH($G86,$B$42:$B$51,0),MATCH(L$62,$C$41:$I$41)) -> 0.0226 | O86: =INDEX($C$55:$I$59,MATCH($A86,$B$55:$B$59,0),MATCH(O$62,$C$54:$I$54)) -> 0.045181881 | P86: =INDEX($C$55:$I$59,MATCH($A86,$B$55:$B$59,0),MATCH(P$62,$C$54:$I$54)) -> 0.045568105 | Q86: =INDEX($C$55:$I$59,MATCH($A86,$B$55:$B$59,0),MATCH(Q$62,$C$54:$I$54)) -> 0.052833944 | R86: =INDEX($C$55:$I$59,MATCH($A86,$B$55:$B$59,0),MATCH(R$62,$C$54:$I$54)) -> 0.055875458 | S86: =INDEX($C$55:$I$59,MATCH($A86,$B$55:$B$59,0),MATCH(S$62,$C$54:$I$54)) -> 0.054475396
A87: GT | B87: NGGT (TO+SO) | C87: 0.61 | D87: 0.6 | E87: 2022 | F87: =VLOOKUP($A87,$H$6:$I$10,2,FALSE) -> £m 18/19 | G87: GT | H87: =INDEX($C$42:$I$51,MATCH($G87,$B$42:$B$51,0),MATCH(H$62,$C$41:$I$41)) -> 0.0205 | I87: =INDEX($C$42:$I$51,MATCH($G87,$B$42:$B$51,0),MATCH(I$62,$C$41:$I$41)) -> 0.019 | J87: =INDEX($C$42:$I$51,MATCH($G87,$B$42:$B$51,0),MATCH(J$62,$C$41:$I$41)) -> 0.0192 | K87: =INDEX($C$42:$I$51,MATCH($G87,$B$42:$B$51,0),MATCH(K$62,$C$41:$I$41)) -> 0.0211 | L87: =INDEX($C$42:$I$51,MATCH($G87,$B$42:$B$51,0),MATCH(L$62,$C$41:$I$41)) -> 0.0226 | O87: =INDEX($C$55:$I$59,MATCH($A87,$B$55:$B$59,0),MATCH(O$62,$C$54:$I$54)) -> 0.045181881 | P87: =INDEX($C$55:$I$59,MATCH($A87,$B$55:$B$59,0),MATCH(P$62,$C$54:$I$54)) -> 0.045568105 | Q87: =INDEX($C$55:$I$59,MATCH($A87,$B$55:$B$59,0),MATCH(Q$62,$C$54:$I$54)) -> 0.052833944 | R87: =INDEX($C$55:$I$59,MATCH($A87,$B$55:$B$59,0),MATCH(R$62,$C$54:$I$54)) -> 0.055875458 | S87: =INDEX($C$55:$I$59,MATCH($A87,$B$55:$B$59,0),MATCH(S$62,$C$54:$I$54)) -> 0.054475396
A88: ET | B88: NGET (TO) | C88: 0.67 | D88: 0.55 | E88: 2022 | F88: =VLOOKUP($A88,$H$6:$I$10,2,FALSE) -> £m 18/19 | G88: ET - excluding SHET | H88: =INDEX($C$42:$I$51,MATCH($G88,$B$42:$B$51,0),MATCH(H$62,$C$41:$I$41)) -> 0.0205 | I88: =INDEX($C$42:$I$51,MATCH($G88,$B$42:$B$51,0),MATCH(I$62,$C$41:$I$41)) -> 0.019 | J88: =INDEX($C$42:$I$51,MATCH($G88,$B$42:$B$51,0),MATCH(J$62,$C$41:$I$41)) -> 0.0192 | K88: =INDEX($C$42:$I$51,MATCH($G88,$B$42:$B$51,0),MATCH(K$62,$C$41:$I$41)) -> 0.0211 | L88: =INDEX($C$42:$I$51,MATCH($G88,$B$42:$B$51,0),MATCH(L$62,$C$41:$I$41)) -> 0.0226 | O88: =INDEX($C$55:$I$59,MATCH($A88,$B$55:$B$59,0),MATCH(O$62,$C$54:$I$54)) -> 0.04243945 | P88: =INDEX($C$55:$I$59,MATCH($A88,$B$55:$B$59,0),MATCH(P$62,$C$54:$I$54)) -> 0.042616093 | Q88: =INDEX($C$55:$I$59,MATCH($A88,$B$55:$B$59,0),MATCH(Q$62,$C$54:$I$54)) -> 0.049096839 | R88: =INDEX($C$55:$I$59,MATCH($A88,$B$55:$B$59,0),MATCH(R$62,$C$54:$I$54)) -> 0.052011518 | S88: =INDEX($C$55:$I$59,MATCH($A88,$B$55:$B$59,0),MATCH(S$62,$C$54:$I$54)) -> 0.050933685
... A91: ET | B91: SHET | C91: 0.64 | D91: 0.55 | E91: 2022 | F91: =VLOOKUP($A91,$H$6:$I$10,2,FALSE) -> £m 18/19 | G91: SHET | H91: =INDEX($C$42:$I$51,MATCH($G91,$B$42:$B$51,0),MATCH(H$62,$C$41:$I$41)) -> 0.018184708 | I91: =INDEX($C$42:$I$51,MATCH($G91,$B$42:$B$51,0),MATCH(I$62,$C$41:$I$41)) -> 0.015816904 | J91: =INDEX($C$42:$I$51,MATCH($G91,$B$42:$B$51,0),MATCH(J$62,$C$41:$I$41)) -> 0.018016 | K91: =INDEX($C$42:$I$51,MATCH($G91,$B$42:$B$51,0),MATCH(K$62,$C$41:$I$41)) -> 0.023111514 | L91: =INDEX($C$42:$I$51,MATCH($G91,$B$42:$B$51,0),MATCH(L$62,$C$41:$I$41)) -> 0.02662107 | O91: =INDEX($C$55:$I$59,MATCH($A91,$B$55:$B$59,0),MATCH(O$62,$C$54:$I$54)) -> 0.04243945 | P91: =INDEX($C$55:$I$59,MATCH($A91,$B$55:$B$59,0),MATCH(P$62,$C$54:$I$54)) -> 0.042616093 | Q91: =INDEX($C$55:$I$59,MATCH($A91,$B$55:$B$59,0),MATCH(Q$62,$C$54:$I$54)) -> 0.049096839 | R91: =INDEX($C$55:$I$59,MATCH($A91,$B$55:$B$59,0),MATCH(R$62,$C$54:$I$54)) -> 0.052011518 | S91: =INDEX($C$55:$I$59,MATCH($A91,$B$55:$B$59,0),MATCH(S$62,$C$54:$I$54)) -> 0.050933685
B97: Business Plan Incentive (BPIt) | C97: 2022 | D97: =C97+1 -> 2023 | E97: =D97+1 -> 2024 | F97: =E97+1 -> 2025 | G97: =F97+1 -> 2026 | H97: =G97+1 -> 2027 | I97: =H97+1 -> 2028
B98: ENWL | E98: 0 | F98: 0 | G98: 0 | H98: 0 | I98: 0
B99: NPgN | E99: 0 | F99: 0 | G99: 0 | H99: 0 | I99: 0
B100: NPgY | E100: 0 | F100: 0 | G100: 0 | H100: 0 | I100: 0
B101: UKPN-EPN | E101: 0 | F101: 0 | G101: 0 | H101: 0 | I101: 0
B102: UKPN-LPN | E102: 0.95193543 | F102: 0.95193543 | G102: 0.95193543 | H102: 0.95193543 | I102: 0.95193543
B103: UKPN-SPN | E103: 4.1422259 | F103: 4.1422259 | G103: 4.1422259 | H103: 4.1422259 | I103: 4.1422259
B104: SPD | E104: 0 | F104: 0 | G104: 0 | H104: 0 | I104: 0
B105: SPMW | E105: 0 | F105: 0 | G105: 0 | H105: 0 | I105: 0
B106: SSEH | E106: 1.235 | F106: 0 | G106: 0 | H106: 0 | I106: 0
B107: SSES | E107: 2.305 | F107: 0 | G107: 0 | H107: 0 | I107: 0
B108: NGED-EMID | E108: 1.38 | F108: 0 | G108: 0 | H108: 0 | I108: 0
B109: NGED-WMID | E109: 1.38 | F109: 0 | G109: 0 | H109: 0 | I109: 0
... B111: NGED-SWEST | E111: 1.15 | F111: 0 | G111: 0 | H111: 0 | I111: 0
B112: Cadent-EOE | C112: 0.2394168 | D112: 0.2394168 | E112: 0.2394168 | F112: 0.2394168 | G112: 0.2394168
B113: Cadent-London | C113: -1.1368684e-15 | D113: -1.1368684e-15 | E113: -1.1368684e-15 | F113: -1.1368684e-15 | G113: -1.1368684e-15
B114: Cadent-WM | C114: -0.0070993073 | D114: -0.0070993073 | E114: -0.0070993073 | F114: -0.0070993073 | G114: -0.0070993073
B115: Cadent-NW | C115: -0.0072862332 | D115: -0.0072862332 | E115: -0.0072862332 | F115: -0.0072862332 | G115: -0.0072862332
B116: NGN | C116: 1.149006 | D116: 1.149006 | E116: 1.149006 | F116: 1.149006 | G116: 1.149006
B117: SGN - Scotland | C117: 0 | D117: 0 | E117: 0 | F117: 0 | G117: 0
B118: SGN - Southern | C118: 0 | D118: 0 | E118: 0 | F118: 0 | G118: 0
...

Sheet Content & Version Control
A1: Version control
A2: =Licensee -> SPD
A3: =Reporting_Year -> 2026
B6: Version:
B8: Submission | C8: Date submitted | D8: Changes
B9: Submission 1
B10: Submission 2
B11: Submission 3
B12: Submission 4
B13: Submission 5
B14: Submission 6
B15: Submission 7
B16: Submission 8
B17: Submission 9
B18: Submission 10
B21: R1 - RoRE
B22: R2 - Rec to Revenue and Profit
... B39: I2 - Monthly Inflation

Sheet Change log
A1: Change log
A2: =Licensee -> SPD
A3: =Reporting_Year -> 2026
A5: Version | B5: Table Reference | C5: Changes made to RFPR template | D5: Raised By
A6: V2.0 | B6: R2 - row 24 (RRt) | C6: Changed the description to add "per latest PCFM" for more clarity. Guidance document has also been amended. | D6: Ofgem
A7: V2.0 | B7: R8 - Row 21 | C7: Corrected cell references in formula | D7: Ofgem
A8: V2.0 | B8: R3 - row 116, 121, 133, 142 | C8: Changed the description to '[Input description, add additional rows as required]' | D8: Ofgem
A9: V2.0 | B9: R3 - Rows 36 and 37 | C9: Copied and rolled-over D36:D37 formula into future years | D9: Ofgem
A10: V2.0 | B10: R1 - J22:K28 and J49:K55 | C10: Corrected cell references in formula for 'cumulative' and RIIO-2 period' | D10: Ofgem
A11: V2.0 | B11: R2 - Rec to Revenue and Profit | C11: Row 103 formula corrected (was sum now difference) | D11: ESO/NGGT(TO)/NGGT(SO)/NGET(TO)
A12: V2.0 | B12: R3 - Row 194 & 196 | C12: Added formula/ corrected cell references in formula | D12: ESO/NGGT(TO)/SPT/NGET
A13: V2.0 | B13: R1 row 76 | C13: Formula in J75:K75 dragged down to populate row 76 which was blank. | D13: NGGT(SO)
A14: V2.0 | B14: R8 Row 21 | C14: Included if function because top half R8 only completed for actuals on a T+1 basis; therefore if forecast, amount should be zero | D14: WWU
A15: V2.0 | B15: R3 | C15: Formula in row 198 amended to compare to row 196 not 194 | D15: WWU/SPT
A16: V2.0 | B16: R7 - RAV | C16: Formulas in row 5 amended to reflect show that RAV totals in AIP 2021 PCFM are not actuals, therefore flag should remain as forecast until the AIP after the Reg year has passed (as was the case in RIIO-1). For example RAV value in 21/22 AIP for 21/22 was not an actual and therefore the check in row 27 should not be activated until the next regulatory year. AIP 2022 will contain the actual 21/22 RAV value and therefore a check to ensure this matches can be incorporated from 22/23 onwards. | D16: SPT
... A43: V2.0 | B43: Data M339- M367 | C43: Incorporated a new table to change values to nominal that feed into materiality check in row 95 (tax charge) | D43: Ofgem
B44: Data tab - Cell C10 | C44: Added to lookup deadband threshold values from Table 2 (M04-S332) for materiality checks for use in R8a (Rows 44-93) | D44: Ofgem
B45: Data tab - Cell C11 | C45: Added to lookup deadband threshold values from Table 3 (M04-S332) for materiality checks for use in R8a - Tax charge (Row95) | D45: Ofgem
A46: V2.0 | B46: Data D273-D274 | C46: Added in Data tab “Swap pay leg – finco back to back” in D273, and “Swap receive leg – finco back to back” in D274. | D46: Ofgem
A47: V2.0 | B47: R8a | C47: Previous version of Col I and J deleted | D47: Ofgem
A48: V2.0 | B48: R8a | C48: Deleted materiality checks from row 31 and above as it's not mandatory for licensees to explain those differences | D48: Ofgem
A49: V2.0 | B49: R8a | C49: Corrected formula in col L to look up correct cell references | D49: SPEN, ESO, NGET
A50: V2.0 | B50: R8a | C50: Removed the word 'turnover' in cells A35, A38 and A41 | D50: ESO, NGET
A51: V2.0 | B51: R8 | C51: Changed the label in cell B11 and description in cell J11 | D51: SPEN, ESO
A52: V2.0 | B52: R3 | C52: Labels are now fomula driven in cells B11 and B45 to include "repex" term only referring to GD2 | D52: SPEN
A53: V2.0 | B53: R8 - Cell J11 | C53: Comment amended to - "R8 row 11 must match with worksheet R8a row 95 minus regulatory adjustments." | D53: SPEN
A54: V2.0 | B54: R4 | C54: Added formulae/ logic to generate cumulative values in col I and J | D54: Ofgem
A55: v2.0 | B55: R6 | C55: 15/06/2023: Added in new section for reconciliation to statutory accounts: R6 cell B21: row label changed from "Total Debt per Statutory Accounts" to "Total Modelled Debt" R6 add in thirteen new rows below row 46 ("Closing regulatory net debt including forecast new debt/refinancing". These rows are headed "Conversion from Regulatory (RIIO-2) Definition of Net Debt to Statutory Net Debt" | D55: Ofgem
A56: v2.0 | B56: R5a | C56: 15/06/2023: Added in additional overwrite lines for Debt Interest Expense R5a add in five new rows below row 53. This adds in five new "Other adjustment (Overwrite)" lines above "Sub Total: "Debt Interest Expense" R5a row 59 "Sub Total: "Debt Interest Expense" formula amended to incorporate the five new rows. In Column M, changed from "=SUM(M40:M53)" to "=SUM(M40:M58)" and pasted across the row. | D56: Ofgem
A57: v2.0 | B57: R1-R10, F3-F6, I1-I2 | C57: Non-input cells have been password protected to prevent any over-writing | D57: Ofgem
... A132: v5.0 | B132: F5 - Inflation Linked Debt - BZ11:CR610; LH11:LY610; MB11:MS610; NP11:OG610 | C132: Formula amended to look up to columns I:K in Monthly Inflation | D132: Cadent

Sheet R1 - RoRE
A1: R1 - Return on Regulatory Equity (RoRE)
A2: SPD
A3: 2026
D5: Actuals | E5: Actuals | F5: Actuals | G5: Forecast | H5: Forecast
D6: 2024 | E6: 2025 | F6: 2026 | G6: 2027 | H6: 2028 | J6: Cumulative to 2026 | K6: RIIO-2 period
D7: 2023/24 | E7: 2024/25 | F7: 2025/26 | G7: 2026/27 | H7: 2027/28
B9: RoRE based on Notional Gearing
B11: Allowed Equity Return | C11: % | D11: 0.052833944 | E11: 0.055875458 | F11: 0.054475396 | G11: 0.054934037 | H11: 0.055127149 | J11: 0.054408897 | K11: 0.054675955
B12: Totex outperformance | C12: % | D12: 0.019822528 | E12: -0.0048991073 | F12: -0.034047798 | G12: -0.0070114063 | H12: -0.0089894417 | J12: -0.0069958258 | K12: -0.0074364959
A13: a | B13: Business Plan Incentive | C13: % | D13: 0 | E13: 0 | F13: 0 | G13: 0 | H13: 0 | J13: 0 | K13: 0
A14: b | B14: Time to connect ODI | C14: % | D14: 0.00041186337 | E14: 0.0009070953 | F14: 0.001496248 | G14: 0.00045670877 | H14: 0.0004338911 | J14: 0.00095090853 | K14: 0.00073445326
A15: c | B15: Broad Measure of Customer Service ODI | C15: % | D15: 0.00071118916 | E15: 0.00095759685 | F15: 0.0025988092 | G15: 0.0031937645 | H15: 0.0036045503 | J15: 0.001445636 | K15: 0.0022837232
A16: d | B16: Interruptions incentive scheme ODI | C16: % | D16: 0.003783636 | E16: 0.0034270892 | F16: 0.003835921 | G16: 0.0014340256 | H16: 0.001359793 | J16: 0.0036836428 | K16: 0.0027048318
A17: e | B17: Major connections ODI | C17: % | D17: 0 | E17: 0 | F17: 0 | G17: 0 | H17: 0 | J17: 0 | K17: 0
A18: f | B18: Consumer Vulnerability ODI | C18: % | D18: 0 | E18: 0.0020864224 | F18: 0 | G18: 0 | H18: 0.0053340468 | J18: 0.00069095267 | K18: 0.0015656723
A19: g | B19: Distribution System Operator ODI | C19: % | D19: 0.00036407346 | E19: 0.0021699295 | F19: 0.0037069544 | G19: 0.0022321641 | H19: 0.0026508034 | J19: 0.0021182679 | K19: 0.0022588539
A20: h | B20: Dig, Fix and Go ODI (ENWL only) | C20: % | D20: 0 | E20: 0 | F20: 0 | G20: 0 | H20: 0 | J20: 0 | K20: 0
A21: i | B21: Collaborative Streetworks ODI (EPN, LPN and SPN only) | C21: % | D21: 0 | E21: 0 | F21: 0 | G21: 0 | H21: 0 | J21: 0 | K21: 0
A22: i | B22: Network innovation input for RORE | C22: % | D22: -1.0134844e-05 | E22: -0.00011632229 | F22: -0.00014732784 | G22: 0 | H22: 0 | J22: -9.2749582e-05 | K22: -5.306565e-05
A23: ii | B23: Carry-over Network innovation input for RORE | C23: % | D23: 0 | E23: 0 | F23: 0 | G23: 0 | H23: 0 | J23: 0 | K23: 0
A24: iii | B24: Strategic innovation input for RORE | C24: % | D24: -1.3443164e-05 | E24: -1.3180361e-05 | F24: -3.2124823e-05 | G24: 0 | H24: 0 | J24: -1.9817299e-05 | K24: -1.1338249e-05
A25: iv | C25: % | D25: 0 | E25: 0 | F25: 0 | G25: 0 | H25: 0 | J25: 0 | K25: 0
A26: v | C26: % | D26: 0 | E26: 0 | F26: 0 | G26: 0 | H26: 0 | J26: 0 | K26: 0
A27: vi | C27: % | D27: 0 | E27: 0 | F27: 0 | G27: 0 | H27: 0 | J27: 0 | K27: 0
A28: vii | C28: % | D28: 0 | E28: 0 | F28: 0 | G28: 0 | H28: 0 | J28: 0 | K28: 0
A29: viii | C29: % | D29: 0 | E29: 0 | F29: 0 | G29: 0 | H29: 0 | J29: 0 | K29: 0
B30: Penalties and fines (Other Activities) | C30: % | D30: -0.0001930431 | E30: -0.0022823151 | F30: -2.983065e-05 | G30: 0 | H30: 0 | J30: -0.00082849146 | K30: -0.00047401226
B31: RoRE - Operational performance | C31: % | D31: 0.077710613 | E31: 0.058112666 | F31: 0.031856247 | G31: 0.055239294 | H31: 0.059520792 | J31: 0.055361421 | K31: 0.056248577
B32: Debt performance - at notional gearing | C32: % | D32: 0.081497592 | E32: 0.019637987 | F32: 0.031655826 | G32: -0.015137794 | H32: 0.0015554732 | J32: 0.043773698 | K32: 0.022230462
B33: Tax performance - at notional gearing | C33: % | D33: -0.008655186 | E33: 0.0021647027 | F33: 0.0015589628 | G33: 0.0010709869 | H33: 0.00083405212 | J33: -0.0015393781 | K33: -0.00047449089
B34: RoRE - including financing and tax | C34: % | D34: 0.15055302 | E34: 0.079915355 | F34: 0.065071036 | G34: 0.041172487 | H34: 0.061910317 | J34: 0.097595741 | K34: 0.078004549
B38: RoRE based on Actual Gearing
B40: Allowed Equity Return | C40: % | D40: 0.05539534 | E40: 0.053435011 | F40: 0.053190081 | G40: 0.056942317 | H40: 0.059365851 | J40: 0.053947737 | K40: 0.055685355
B41: Totex outperformance | C41: % | D41: 0.020783526 | E41: -0.0046851312 | F41: -0.03324446 | G41: -0.0072677295 | H41: -0.0096806359 | J41: -0.0069365304 | K41: -0.0075737847
A42: a | B42: Business Plan Incentive | C42: % | D42: 0 | E42: 0 | F42: 0 | G42: 0 | H42: 0 | J42: 0 | K42: 0
A43: b | B43: Time to connect ODI | C43: % | D43: 0.00043183055 | E43: 0.00086747651 | F43: 0.0014609449 | G43: 0.00047340515 | H43: 0.00046725279 | J43: 0.0009428488 | K43: 0.00074801236
A44: c | B44: Broad Measure of Customer Service ODI | C44: % | D44: 0.00074566769 | E44: 0.00091577232 | F44: 0.0025374918 | G44: 0.0033105222 | H44: 0.0038817025 | J44: 0.0014333831 | K44: 0.0023258842
A45: d | B45: Interruptions incentive scheme ODI | C45: % | D45: 0.0039670671 | E45: 0.0032774058 | F45: 0.0037454147 | G45: 0.0014864507 | H45: 0.0014643469 | J45: 0.0036524209 | K45: 0.002754767
A46: e | B46: Major connections ODI | C46: % | D46: 0 | E46: 0 | F46: 0 | G46: 0 | H46: 0 | J46: 0 | K46: 0
A47: f | B47: Consumer Vulnerability ODI | C47: % | D47: 0 | E47: 0.0019952946 | F47: 0 | G47: 0 | H47: 0.0057441793 | J47: 0.00068509628 | K47: 0.001594577
A48: g | B48: Distribution System Operator ODI | C48: % | D48: 0.00038172379 | E48: 0.0020751545 | F48: 0.0036194909 | G48: 0.0023137677 | H48: 0.0028546225 | J48: 0.0021003138 | K48: 0.0023005558
A49: h | B49: Dig, Fix and Go ODI (ENWL only) | C49: % | D49: 0 | E49: 0 | F49: 0 | G49: 0 | H49: 0 | J49: 0 | K49: 0
A50: i | B50: Collaborative Streetworks ODI (EPN, LPN and SPN only) | C50: % | D50: 0 | E50: 0 | F50: 0 | G50: 0 | H50: 0 | J50: 0 | K50: 0
A51: i | B51: Network innovation input for RORE | C51: % | D51: -1.0626183e-05 | E51: -0.00011124174 | F51: -0.00014385173 | G51: 0 | H51: 0 | J51: -9.1963453e-05 | K51: -5.4045322e-05
A52: ii | B52: Carry-over Network innovation input for RORE | C52: % | D52: 0 | E52: 0 | F52: 0 | G52: 0 | H52: 0 | J52: 0 | K52: 0
A53: iii | B53: Strategic innovation input for RORE | C53: % | D53: -1.409489e-05 | E53: -1.2604688e-05 | F53: -3.1366857e-05 | G53: 0 | H53: 0 | J53: -1.9649331e-05 | K53: -1.154757e-05
A54: iv | C54: % | D54: 0 | E54: 0 | F54: 0 | G54: 0 | H54: 0 | J54: 0 | K54: 0
A55: v | C55: % | D55: 0 | E55: 0 | F55: 0 | G55: 0 | H55: 0 | J55: 0 | K55: 0
A56: vi | C56: % | D56: 0 | E56: 0 | F56: 0 | G56: 0 | H56: 0 | J56: 0 | K56: 0
A57: vii | C57: % | D57: 0 | E57: 0 | F57: 0 | G57: 0 | H57: 0 | J57: 0 | K57: 0
A58: viii | C58: % | D58: 0 | E58: 0 | F58: 0 | G58: 0 | H58: 0 | J58: 0 | K58: 0
B59: Penalties and fines (Other Activities) | C59: % | D59: -0.00020240185 | E59: -0.0021826315 | F59: -2.9126813e-05 | G59: 0 | H59: 0 | J59: -0.00082146932 | K59: -0.00048276323
B60: RoRE - Operational performance | C60: % | D60: 0.081478032 | E60: 0.055574505 | F60: 0.031104617 | G60: 0.057258733 | H60: 0.064097319 | J60: 0.054892188 | K60: 0.05728701
B61: Debt performance - at actual gearing | C61: % | D61: 0.08657973 | E61: 0.019593001 | F61: 0.031163653 | G61: -0.017226342 | H61: -0.00069797087 | J61: 0.044116683 | K61: 0.022253641
B62: Tax performance - at actual gearing | C62: % | D62: -0.0093575717 | E62: 0.0018669725 | F62: 0.0014584979 | G62: 0.001493925 | H62: 0.0014914429 | J62: -0.0017048313 | K62: -0.00038644352
B63: RoRE - including financing and tax | C63: % | D63: 0.15870019 | E63: 0.077034478 | F63: 0.063726768 | G63: 0.041526317 | H63: 0.064890791 | J63: 0.097304039 | K63: 0.079154208
B66: RoRE input values
B67: Input values provided in £m 20/21 prices
B69: Equity Return on the RAV | C69: £m 20/21 | D69: 41.021052 | E69: 44.48243 | F69: 45.291552 | G69: 48.112968 | H69: 50.821185 | J69: 130.79503 | K69: 229.72919
B70: Totex outperformance | C70: £m 20/21 | D70: 15.390502 | E70: -3.9001773 | F70: -28.307782 | G70: -6.1408115 | H70: -8.2872793 | J70: -16.817457 | K70: -31.245547
A71: a | B71: Business Plan Incentive | C71: £m 20/21 | D71: 0 | E71: 0 | F71: 0 | G71: 0 | H71: 0 | J71: 0 | K71: 0
A72: b | B72: Time to connect ODI | C72: £m 20/21 | D72: 0.31977679 | E72: 0.7221382 | F72: 1.244 | G72: 0.4 | H72: 0.4 | J72: 2.285915 | K72: 3.085915
A73: c | B73: Broad Measure of Customer Service ODI | C73: £m 20/21 | D73: 0.55217773 | E73: 0.76234247 | F73: 2.1606837 | G73: 2.7972 | H73: 3.323 | J73: 3.4752039 | K73: 9.5954039
A74: d | B74: Interruptions incentive scheme ODI | C74: £m 20/21 | D74: 2.9376707 | E74: 2.7283044 | F74: 3.1892345 | G74: 1.255965 | H74: 1.25358 | J74: 8.8552096 | K74: 11.364755
A75: e | B75: Major connections ODI | C75: £m 20/21 | D75: 0 | E75: 0 | F75: 0 | G75: 0 | H75: 0 | J75: 0 | K75: 0
A76: f | B76: Consumer Vulnerability ODI | C76: £m 20/21 | D76: 0 | E76: 1.661 | F76: 0 | G76: 0 | H76: 4.9174061 | J76: 1.661 | K76: 6.5784061
A77: g | B77: Distribution System Operator ODI | C77: £m 20/21 | D77: 0.282672 | E77: 1.72748 | F77: 3.08201 | G77: 1.955 | H77: 2.44375 | J77: 5.092162 | K77: 9.490912
A78: h | B78: Dig, Fix and Go ODI (ENWL only) | C78: £m 20/21 | D78: 0 | E78: 0 | F78: 0 | G78: 0 | H78: 0 | J78: 0 | K78: 0
A79: i | B79: Collaborative Streetworks ODI (EPN, LPN and SPN only) | C79: £m 20/21 | D79: 0 | E79: 0 | F79: 0 | G79: 0 | H79: 0 | J79: 0 | K79: 0
A80: i | B80: Network innovation input for RORE | C80: £m 20/21 | D80: -0.0078688423 | E80: -0.09260413 | F80: -0.12249028 | G80: 0 | H80: 0 | J80: -0.22296325 | K80: -0.22296325
A81: ii | B81: Carry-over Network innovation input for RORE | C81: £m 20/21 | D81: 0 | E81: 0 | F81: 0 | G81: 0 | H81: 0 | J81: 0 | K81: 0
A82: iii | B82: Strategic innovation input for RORE | C82: £m 20/21 | D82: -0.010437471 | E82: -0.01049288 | F82: -0.026708995 | G82: 0 | H82: 0 | J82: -0.047639346 | K82: -0.047639346
A83: iv | C83: £m 20/21 | D83: 0 | E83: 0 | F83: 0 | G83: 0 | H83: 0 | J83: 0 | K83: 0
A84: v | C84: £m 20/21 | D84: 0 | E84: 0 | F84: 0 | G84: 0 | H84: 0 | J84: 0 | K84: 0
A85: vi | C85: £m 20/21 | D85: 0 | E85: 0 | F85: 0 | G85: 0 | H85: 0 | J85: 0 | K85: 0
A86: vii | C86: £m 20/21 | D86: 0 | E86: 0 | F86: 0 | G86: 0 | H86: 0 | J86: 0 | K86: 0
A87: viii | C87: £m 20/21 | D87: 0 | E87: 0 | F87: 0 | G87: 0 | H87: 0 | J87: 0 | K87: 0
B88: Penalties and fines (Other Activities) | C88: £m 20/21 | D88: -0.1498815 | E88: -1.8169502 | F88: -0.02480159 | G88: 0 | H88: 0 | J88: -1.9916333 | K88: -1.9916333
B89: RoRE - Operational performance | C89: £m 20/21 | D89: 60.335664 | E89: 46.26347 | F89: 26.485697 | G89: 48.380322 | H89: 54.871642 | J89: 133.08483 | K89: 236.3368
B90: Debt performance - at notional gearing | C90: £m 20/21 | D90: 63.27593 | E90: 15.633793 | F90: 26.319065 | G90: -13.258159 | H90: 1.4339757 | J90: 105.22879 | K90: 93.404605
B91: Debt performance - impact of actual gearing | C91: £m 20/21 | D91: 0.83761442 | E91: 0.6765671 | F91: 0.21690192 | G91: -1.2971044 | H91: -2.031486 | J91: 1.7310834 | K91: -1.5975069
B92: Tax performance - at notional gearing | C92: £m 20/21 | D92: -6.7200139 | E92: 1.7233189 | F92: 1.2961419 | G92: 0.93800419 | H92: 0.76890457 | J92: -3.7005531 | K92: -1.9936443
B93: Tax performance - impact of actual gearing | C93: £m 20/21 | D93: -0.20940361 | E93: -0.16914178 | F93: -0.054225479 | G93: 0.32427611 | H93: 0.50787149 | J93: -0.43277086 | K93: 0.39937674
B94: RoRE - including financing and tax | C94: £m 20/21 | D94: 117.51979 | E94: 64.128008 | F94: 54.26358 | G94: 35.087339 | H94: 55.550907 | J94: 235.91138 | K94: 326.54963
B96: NPV-neutral equity RAV based on notional gearing | C96: £m 20/21 | D96: 776.41473 | E96: 796.0996 | F96: 831.41299 | G96: 875.83165 | H96: 921.89032
B97: Equity RAV based on actual gearing | C97: £m 20/21 | D97: 740.5145 | E97: 832.45852 | F97: 851.50372 | G97: 844.94223 | H97: 856.06766

Sheet R2 - Rec to Revenue and Profit
A1: R2 - Reconciliation to Revenue and Profit
A2: SPD
A3: 2026
E5: Actuals | F5: Actuals | G5: Actuals | H5: Forecast | I5: Forecast
E6: 2024 | F6: 2025 | G6: 2026 | H6: 2027 | I6: 2028
E7: 2023/24 | F7: 2024/25 | G7: 2025/26 | H7: 2026/27 | I7: 2027/28
B9: Reconciliation: Regulated Network Revenue to Accounts
B11: Allowed Revenue - per latest published PCFM
B13: Calculated revenue (as published) | C13: Rt* x PIt* / PI2020/21 | D13: £m nominal | E13: 560.12362 | F13: 529.53155 | G13: 509.75672 | H13: 0 | I13: 0
B14: AIP adjustment term (as published)- not applicable to ED sector | C14: ADJt* | D14: £m nominal | E14: 0 | F14: 0 | G14: 0 | H14: 0 | I14: 0
B15: Calculated revenue | D15: £m nominal | E15: 560.12362 | F15: 529.53155 | G15: 509.75672 | H15: 0 | I15: 0
B16: Legacy Allowed Revenue | C16: LARt | D16: £m nominal | E16: 19.205823 | F16: 43.769864 | G16: 1.1013779 | H16: 0 | I16: 0
B17: K Correction Factor | C17: Kt | D17: £m nominal | E17: 8.9864179 | F17: 48.689402 | G17: 24.480526 | H17: 0 | I17: 0
B18: Forecasting penalty (ED only) | C18: FPt | D18: £m nominal | E18: 0 | F18: 0 | G18: 0 | H18: 0 | I18: 0
B19: Allowed Network Revenue | C19: ARt | D19: £m nominal | E19: 588.31586 | F19: 621.99082 | G19: 535.33862 | H19: 0 | I19: 0
B21: (Under) / Over recovery | D21: £m nominal | E21: -45.370153 | F21: -22.608472 | G21: -53.915845 | H21: 0 | I21: 0
B25: Collected Regulated Network Revenue (per latest PCFM) | C25: RRt | D25: £m nominal | E25: 542.94571 | F25: 599.38235 | G25: 481.42277 | H25: 0 | I25: 0
B27: Other Turnover Items
B28: Strategic Innovation Fund (SIF) payments received from TO | D28: £m nominal | E28: 0 | F28: 0 | G28: 0 | H28: 0 | I28: 0
B29: Legacy Metering Equipment charges | D29: £m nominal | E29: 6.7675994 | F29: 6.430054 | G29: 4.8595732 | H29: 0 | I29: 0
B30: Directly Remunerated Services revenue | D30: £m nominal | E30: 0 | F30: 0 | G30: 0 | H30: 0 | I30: 0
B31: Network Asset Secondary Deliverables incentive/penalty | D31: £m nominal | E31: 0 | F31: 0 | G31: 0 | H31: 0 | I31: 0
B32: Charging outside the Distribution Services Area (Out of Area Charges) | D32: £m nominal | E32: 0 | F32: 0 | G32: 0 | H32: 0 | I32: 0
B33: De Minimis Business of the licensee | D33: £m nominal | E33: 0 | F33: 0 | G33: 0 | H33: 0 | I33: 0
B34: Other consented activities | D34: £m nominal | E34: 0 | F34: 0 | G34: 0 | H34: 0 | I34: 0
B35: Data Services revenue | D35: £m nominal | E35: 0 | F35: 0 | G35: 0 | H35: 0 | I35: 0
B36: [Input description, add additional rows as required] | D36: £m nominal | E36: 24.3 | F36: 23.4 | G36: 24.360911 | H36: 0 | I36: 0
B37: Total Other Turnover Items | D37: £m nominal | E37: 31.067599 | F37: 29.830054 | G37: 29.220485 | H37: 0 | I37: 0
B39: Other adjustments - please list
B40: [Input description] | D40: £m nominal | E40: 0.87915358 | F40: 0.8940984 | G40: 0.90680887 | H40: 0 | I40: 0
B41: [Input description] | D41: £m nominal | E41: 0 | F41: 0 | G41: 0 | H41: 0 | I41: 0
B42: [Input description] | D42: £m nominal | E42: 0 | F42: 0 | G42: 0 | H42: 0 | I42: 0
B43: [Input description] | D43: £m nominal | E43: 0 | F43: 0 | G43: 0 | H43: 0 | I43: 0
B44: [Input description] | D44: £m nominal | E44: 0 | F44: 0 | G44: 0 | H44: 0 | I44: 0
B45: [Input description] | D45: £m nominal | E45: 0 | F45: 0 | G45: 0 | H45: 0 | I45: 0
B46: [Input description] | D46: £m nominal | E46: 0 | F46: 0 | G46: 0 | H46: 0 | I46: 0
B47: [Input description] | D47: £m nominal | E47: 0 | F47: 0 | G47: 0 | H47: 0 | I47: 0
B48: [Input description] | D48: £m nominal | E48: 0 | F48: 0 | G48: 0 | H48: 0 | I48: 0
B49: [Input description] | D49: £m nominal | E49: 0 | F49: 0 | G49: 0 | H49: 0 | I49: 0
B50: [Input description] | D50: £m nominal | E50: 0 | F50: 0 | G50: 0 | H50: 0 | I50: 0
B51: [Input description] | D51: £m nominal | E51: 0 | F51: 0 | G51: 0 | H51: 0 | I51: 0
... B59: Turnover as per Profit and Loss (Stat Accounts) | D59: £m nominal | E59: 574.9 | F59: 630.1 | G59: 511.6 | H59: 0 | I59: 0
B60: Check | E60: OK | F60: OK | G60: OK | H60: OK | I60: OK
B64: Reconciliation: Regulated Network Profit to Statutory Accounts
E66: Actuals | F66: Actuals | G66: Actuals | H66: N/A | I66: N/A
B68: Turnover/Revenue as per Statutory Accounts | D68: £m nominal | E68: 574.9 | F68: 630.1 | G68: 511.6 | H68: 0 | I68: 0
B69: Collected Regulated Network Revenue | D69: £m nominal | E69: 542.94571 | F69: 599.38235 | G69: 481.42277 | H69: 0 | I69: 0 | J69: To be manually entered by Cadent (combined networks regulated revenue)
B72: Operating Costs, Pensions and Other Costs as per Statutory Accounts (excluding depreciation & amortisation) | D72: £m nominal | E72: 206.7 | F72: 191 | G72: 219.3 | H72: 0 | I72: 0
B73: Reconciliation
B75: Total Costs not related to the price control Regulated business (excluding depreciation & amortisation) | D75: £m nominal | E75: -3.5445678 | F75: 15.603857 | G75: 0.51698134 | H75: 0 | I75: 0
B76: Atypical costs adjustment (reported on cash basis) | D76: £m nominal | E76: 0 | F76: 0 | G76: 0 | H76: 0 | I76: 0
B78: Total Operating Costs as reported in the latest RRP submission (excluding depreciation & amortisation) | D78: £m nominal | E78: 203.15543 | F78: 206.60386 | G78: 219.81698 | H78: 0 | I78: 0
B79: Difference | D79: £m nominal | E79: ok | F79: ok | G79: ok | H79: ok | I79: ok
B81: Earnings/ Operating Profit (EBITDA) per Statutory Accounts | D81: £m nominal | E81: 368.2 | F81: 439.1 | G81: 292.3 | H81: 0 | I81: 0
B82: Operating Profit related to Regulated business | D82: £m nominal | E82: 339.79027 | F82: 392.77849 | G82: 261.60579 | H82: 0 | I82: 0
B84: Depreciation and Amortisation costs as per Statutory Accounts | D84: £m nominal | E84: 128.9 | F84: 102.5 | G84: 112 | H84: 0 | I84: 0
B85: Reconciliation
B86: Costs not related to the price control Regulated business
B87: Depreciation, amortisation related to capex adjustments | D87: £m nominal | E87: 0.24239563 | F87: 0.32691757 | G87: 0.51125498 | H87: 0 | I87: 0
B88: Other [Input description, add additional rows as required] | D88: £m nominal | E88: 0 | F88: 0 | G88: 0 | H88: 0 | I88: 0
B89: Total Adjustments | D89: £m nominal | E89: 0.24239563 | F89: 0.32691757 | G89: 0.51125498 | H89: 0 | I89: 0
B91: Total Depreciation and Amortisation Costs related to the Regulated business | D91: £m nominal | E91: 129.1424 | F91: 102.82692 | G91: 112.51125 | H91: 0 | I91: 0
B93: Earnings before Interest and Taxes (EBIT) per Statutory Accounts | D93: £m nominal | E93: 239.3 | F93: 336.6 | G93: 180.3 | H93: 0 | I93: 0
B94: Operating Profit before Interest and Taxes related to Regulated business | D94: £m nominal | E94: 210.64788 | F94: 289.95157 | G94: 149.09454 | H94: 0 | I94: 0
B96: Net Interest as per Statutory Accounts | D96: £m nominal | E96: 80.859411 | F96: 83.824359 | G96: 87.956832 | H96: 77.396086 | I96: 69.070248
B97: 1.exclude allocated to non-regulted & applicable business (statutory basis) | D97: £m nominal | E97: 0 | F97: 0 | G97: 0 | H97: 0 | I97: 0 | J97: Only appicable for NGT
B98: 2.exclude allocated to GSO (regulated basis) | D98: £m nominal | E98: 0 | F98: 0 | G98: 0 | H98: 0 | I98: 0 | J98: Only appicable for NGT
B99: Net Interest Per Regulatory (RIIO-2) Definition | D99: £m nominal | E99: 77.88489 | F99: 78.801557 | G99: 82.690582 | H99: 77.396086 | I99: 69.070248
B100: Difference | D100: £m nominal | E100: 2.9745206 | F100: 5.022802 | G100: 5.26625 | H100: 0 | I100: 0
B102: Tax as per Statutory Accounts | D102: £m nominal | E102: 46.9 | F102: 62.3 | G102: 24 | H102: 0 | I102: 0
B103: Less Deferred Taxes | D103: £m nominal | E103: -41.5 | F103: -42.4 | G103: -51.3 | H103: 0 | I103: 0
B104: Tax as per Statutory Accounts (net of deferred taxes) | D104: £m nominal | E104: 5.4 | F104: 19.9 | G104: -27.3 | H104: 0 | I104: 0
B105: Tax related to Regulated business | D105: £m nominal | E105: 14.126156 | F105: 0.011507575 | G105: 0 | H105: 0 | I105: 0
B106: Difference | D106: £m nominal | E106: -8.7261556 | F106: 19.888492 | G106: -27.3 | H106: 0 | I106: 0
B108: Net Profit as per Statutory Accounts | D108: £m nominal | E108: 111.54059 | F108: 190.47564 | G108: 68.343168 | H108: -77.396086 | I108: -69.070248
B109: Net Profit related to Regulated business | D109: £m nominal | E109: 118.63683 | F109: 211.13851 | G109: 66.403956 | H109: -77.396086 | I109: -69.070248
B110: Difference | D110: £m nominal | E110: -7.0962426 | F110: -20.662866 | G110: 1.9392114 | H110: 0 | I110: 0
B116: Supporting Comments/Narrative
B117: 0
B118: 0
B119: 0
B120: 0
B121: 0
B122: 0

Sheet R3 - Totex - Reconciliation
A1: R3 - Totex & Reconciliation
A2: SPD
A3: 2026
D5: Actuals | E5: Actuals | F5: Actuals | G5: Forecast | H5: Forecast
D6: 2024 | E6: 2025 | F6: 2026 | G6: 2027 | H6: 2028 | I6: Cumulative to 2026 | J6: RIIO-2 period
D7: 2023/24 | E7: 2024/25 | F7: 2025/26 | G7: 2026/27 | H7: 2027/28
B8: Totex per the latest PCFM
B9: In this section, rows 13-99 do not apply to ESO
B11: Capitalisation 1 totex
B13: Latest Totex actuals/forecast | C13: £m 20/21 | D13: 225.25968 | E13: 269.76233 | F13: 294.84991 | G13: 251.59527 | H13: 249.73494 | I13: 789.87193 | J13: 1291.2021
B14: Totex allowance | C14: £m 20/21 | D14: 254.53846 | E14: 263.38439 | F14: 247.58863 | G14: 248.89374 | H14: 244.28334 | I14: 765.51148 | J14: 1258.6886
B15: Totex out(under)performance | C15: £m 20/21 | D15: 29.278781 | E15: -6.3779381 | F15: -47.261284 | G15: -2.7015356 | H15: -5.4516038 | I15: -24.360441 | J15: -32.51358
B17: Funding Adjustment Rate (often referred to as 'sharing factor') | C17: % | D17: 0.5 | E17: 0.5 | F17: 0.5 | G17: 0.5 | H17: 0.5
B19: Customer share of out(under) performance | C19: £m 20/21 | D19: 14.639391 | E19: -3.188969 | F19: -23.630642 | G19: -1.3507678 | H19: -2.7258019 | I19: -12.18022 | J19: -16.25679
B20: NWO share of performance | C20: £m 20/21 | D20: 14.639391 | E20: -3.188969 | F20: -23.630642 | G20: -1.3507678 | H20: -2.7258019 | I20: -12.18022 | J20: -16.25679
B22: Enduring Value adjustments to Totex performance
B23: [Cross Price Control] | C23: £m 20/21 | D23: 0 | E23: 0 | F23: 0 | G23: 0 | H23: 0 | I23: 0 | J23: 0
B24: [other Enduring Value adjustment] | C24: £m 20/21 | D24: 0 | E24: 0 | F24: 0 | G24: 0 | H24: 0 | I24: 0 | J24: 0
B25: [other Enduring Value adjustment] | C25: £m 20/21 | D25: 0 | E25: 0 | F25: 0 | G25: 0 | H25: 0 | I25: 0 | J25: 0
B26: [other Enduring Value adjustment] | C26: £m 20/21 | D26: 0 | E26: 0 | F26: 0 | G26: 0 | H26: 0 | I26: 0 | J26: 0
B27: [other Enduring Value adjustment] | C27: £m 20/21 | D27: 0 | E27: 0 | F27: 0 | G27: 0 | H27: 0 | I27: 0 | J27: 0
B28: [other Enduring Value adjustment] | C28: £m 20/21 | D28: 0 | E28: 0 | F28: 0 | G28: 0 | H28: 0 | I28: 0 | J28: 0
B29: [other Enduring Value adjustment] | C29: £m 20/21 | D29: 0 | E29: 0 | F29: 0 | G29: 0 | H29: 0 | I29: 0 | J29: 0
B30: Total enduring value adjustments | C30: £m 20/21 | D30: 0 | E30: 0 | F30: 0 | G30: 0 | H30: 0 | I30: 0 | J30: 0
B32: Enduring Value adjustments (UIOLI)
B33: [Cross Price Control] | C33: £m 20/21 | D33: 0 | E33: 0 | F33: 0 | G33: 0 | H33: 0 | I33: 0 | J33: 0
B34: [other Enduring Value adjustment] | C34: £m 20/21 | D34: 0 | E34: 0 | F34: 0 | G34: 0 | H34: 0 | I34: 0 | J34: 0
B35: Total enduring value adjustments | C35: £m 20/21 | D35: 0 | E35: 0 | F35: 0 | G35: 0 | H35: 0 | I35: 0 | J35: 0
B37: Enduring Value: Customer share of performance | C37: £m 20/21 | D37: 0 | E37: 0 | F37: 0 | G37: 0 | H37: 0 | I37: 0 | J37: 0
B38: Enduring Value: NWO share of performance | C38: £m 20/21 | D38: 0 | E38: 0 | F38: 0 | G38: 0 | H38: 0 | I38: 0 | J38: 0
B40: Total out(under) performance (including enduring value adjustments)
B41: Customer share of out(under) performance | C41: £m 20/21 | D41: 14.639391 | E41: -3.188969 | F41: -23.630642 | G41: -1.3507678 | H41: -2.7258019 | I41: -12.18022 | J41: -16.25679
B42: NWO share of performance | C42: £m 20/21 | D42: 14.639391 | E42: -3.188969 | F42: -23.630642 | G42: -1.3507678 | H42: -2.7258019 | I42: -12.18022 | J42: -16.25679
B43: Total out (under) performance | C43: £m 20/21 | D43: 29.278781 | E43: -6.3779381 | F43: -47.261284 | G43: -2.7015356 | H43: -5.4516038 | I43: -24.360441 | J43: -32.51358
B45: Capitalisation 2 totex
B47: Latest Totex actuals/forecast | C47: £m 20/21 | D47: 39.241128 | E47: 61.159961 | F47: 63.331732 | G47: 91.506025 | H47: 91.435619 | I47: 163.73282 | J47: 346.67446
B48: Totex allowance | C48: £m 20/21 | D48: 40.743351 | E48: 59.737545 | F48: 53.977452 | G48: 81.925937 | H48: 80.312664 | I48: 154.45835 | J48: 316.69695
B49: Totex out(under)performance | C49: £m 20/21 | D49: 1.5022236 | E49: -1.4224166 | F49: -9.3542795 | G49: -9.5800875 | H49: -11.122955 | I49: -9.2744724 | J49: -29.977515
B51: Funding Adjustment Rate (often referred to as 'sharing factor') | C51: % | D51: 0.5 | E51: 0.5 | F51: 0.5 | G51: 0.5 | H51: 0.5
B53: Customer share of out(under) performance | C53: £m 20/21 | D53: 0.75111181 | E53: -0.71120828 | F53: -4.6771397 | G53: -4.7900438 | H53: -5.5614774 | I53: -4.6372362 | J53: -14.988757
B54: NWO share of performance | C54: £m 20/21 | D54: 0.75111181 | E54: -0.71120828 | F54: -4.6771397 | G54: -4.7900438 | H54: -5.5614774 | I54: -4.6372362 | J54: -14.988757
B56: Enduring Value adjustments to Totex performance
B57: [Cross Price Control] | C57: £m 20/21 | D57: 0 | E57: 0 | F57: 0 | G57: 0 | H57: 0 | I57: 0 | J57: 0
B58: [other Enduring Value adjustment] | C58: £m 20/21 | D58: 0 | E58: 0 | F58: 0 | G58: 0 | H58: 0 | I58: 0 | J58: 0
B59: Total enduring value adjustments | C59: £m 20/21 | D59: 0 | E59: 0 | F59: 0 | G59: 0 | H59: 0 | I59: 0 | J59: 0
B61: Enduring Value adjustments (UIOLI)
B62: [Cross Price Control] | C62: £m 20/21 | D62: 0 | E62: 0 | F62: 0 | G62: 0 | H62: 0 | I62: 0 | J62: 0
B63: [other Enduring Value adjustment] | C63: £m 20/21 | D63: 0 | E63: 0 | F63: 0 | G63: 0 | H63: 0 | I63: 0 | J63: 0
B64: Total enduring value adjustments | C64: £m 20/21 | D64: 0 | E64: 0 | F64: 0 | G64: 0 | H64: 0 | I64: 0 | J64: 0
B66: Enduring Value: Customer share of performance | C66: £m 20/21 | D66: 0 | E66: 0 | F66: 0 | G66: 0 | H66: 0 | I66: 0 | J66: 0
B67: Enduring Value: NWO share of performance | C67: £m 20/21 | D67: 0 | E67: 0 | F67: 0 | G67: 0 | H67: 0 | I67: 0 | J67: 0
B69: Total out(under) performance (including enduring value adjustments)
B70: Customer share of out(under) performance | C70: £m 20/21 | D70: 0.75111181 | E70: -0.71120828 | F70: -4.6771397 | G70: -4.7900438 | H70: -5.5614774 | I70: -4.6372362 | J70: -14.988757
B71: NWO share of performance | C71: £m 20/21 | D71: 0.75111181 | E71: -0.71120828 | F71: -4.6771397 | G71: -4.7900438 | H71: -5.5614774 | I71: -4.6372362 | J71: -14.988757
B72: Total out (under) performance | C72: £m 20/21 | D72: 1.5022236 | E72: -1.4224166 | F72: -9.3542795 | G72: -9.5800875 | H72: -11.122955 | I72: -9.2744724 | J72: -29.977515
B74: Repex (only applicable for GD2)
B76: Latest Repex actuals/forecast | C76: £m 20/21 | D76: 0 | E76: 0 | F76: 0 | G76: 0 | H76: 0 | I76: 0 | J76: 0
B77: Totex allowance | C77: £m 20/21 | D77: 0 | E77: 0 | F77: 0 | G77: 0 | H77: 0 | I77: 0 | J77: 0
B78: Totex out(under)performance | C78: £m 20/21 | D78: 0 | E78: 0 | F78: 0 | G78: 0 | H78: 0 | I78: 0 | J78: 0
B80: Funding Adjustment Rate (often referred to as 'sharing factor') | C80: % | D80: 0.5 | E80: 0.5 | F80: 0.5 | G80: 0.5 | H80: 0.5
B82: Customer share of out(under) performance | C82: £m 20/21 | D82: 0 | E82: 0 | F82: 0 | G82: 0 | H82: 0 | I82: 0 | J82: 0
B83: NWO share of performance | C83: £m 20/21 | D83: 0 | E83: 0 | F83: 0 | G83: 0 | H83: 0 | I83: 0 | J83: 0
B85: Enduring Value adjustments to Totex performance
B86: [Cross Price Control] | C86: £m 20/21 | D86: 0 | E86: 0 | F86: 0 | G86: 0 | H86: 0 | I86: 0 | J86: 0
B87: [other Enduring Value adjustment] | C87: £m 20/21 | D87: 0 | E87: 0 | F87: 0 | G87: 0 | H87: 0 | I87: 0 | J87: 0
B88: Total enduring value adjustments | C88: £m 20/21 | D88: 0 | E88: 0 | F88: 0 | G88: 0 | H88: 0 | I88: 0 | J88: 0
B90: Enduring Value: Customer share of performance | D90: 0 | E90: 0 | F90: 0 | G90: 0 | H90: 0 | I90: 0 | J90: 0
B91: Enduring Value: NWO share of performance | D91: 0 | E91: 0 | F91: 0 | G91: 0 | H91: 0 | I91: 0 | J91: 0
B93: Total out(under) performance (including enduring value adjustments)
B94: Customer share of out(under) performance | C94: £m 20/21 | D94: 0 | E94: 0 | F94: 0 | G94: 0 | H94: 0 | I94: 0 | J94: 0
B95: NWO share of performance | C95: £m 20/21 | D95: 0 | E95: 0 | F95: 0 | G95: 0 | H95: 0 | I95: 0 | J95: 0
B96: Total out (under) performance | C96: £m 20/21 | D96: 0 | E96: 0 | F96: 0 | G96: 0 | H96: 0 | I96: 0 | J96: 0
B98: Totex Summary
B100: Total out(under) performance
B101: Customer share of performance | C101: £m 20/21 | D101: 15.390502 | E101: -3.9001773 | F101: -28.307782 | G101: -6.1408115 | H101: -8.2872793 | I101: -16.817457 | J101: -31.245547
B102: NWO share of performance | C102: £m 20/21 | D102: 15.390502 | E102: -3.9001773 | F102: -28.307782 | G102: -6.1408115 | H102: -8.2872793 | I102: -16.817457 | J102: -31.245547
B103: Total | C103: £m 20/21 | D103: 30.781005 | E103: -7.8003547 | F103: -56.615564 | G103: -12.281623 | H103: -16.574559 | I103: -33.634913 | J103: -62.491095
B105: Reconciliation to Totex
D108: Actuals | E108: Actuals | F108: Actuals | G108: N/A | H108: N/A
D109: 2024 | E109: 2025 | F109: 2026 | G109: 2027 | H109: 2028
D110: 2023/24 | E110: 2024/25 | F110: 2025/26 | G110: 2026/27 | H110: 2027/28
B112: Total Expenditure Per Accounts
B113: Tangible Fixed Asset Additions | C113: £m nominal | D113: 280.8 | E113: 365 | F113: 399.2 | G113: 0 | H113: 0
B114: Intangible Asset Additions (under IFRS) - IT Software | C114: £m nominal | D114: 2.7 | E114: 3.6097573 | F114: 5.8848247 | G114: 0 | H114: 0
B115: Disposals (cash proceeds) [If Statutory Accounts treat this as an exceptional item, leave the input blank] | C115: £m nominal | D115: -0.30562978 | E115: -0.36516522 | F115: -0.41558197 | G115: 0 | H115: 0
B116: Customer Contributions Additions | C116: £m nominal | D116: -59.6 | E116: -60.6 | F116: -61.2 | G116: 0 | H116: 0
B117: Capitalised interest | C117: £m nominal | D117: -0.28620122 | E117: -0.37049205 | F117: -0.29795418 | G117: 0 | H117: 0
B118: Revaluation of tangible fixed assets | C118: £m nominal | D118: 0 | E118: 0 | F118: 0 | G118: 0 | H118: 0
A119: 1 | B119: [Input description] | C119: £m nominal | D119: 0 | E119: 0 | F119: 0 | G119: 0 | H119: 0
A120: 2 | B120: [Input description] | C120: £m nominal | D120: 4.8 | E120: 3.7 | F120: 9 | G120: 0 | H120: 0
A121: 3 | B121: [Input description, add additional rows as required] | C121: £m nominal | D121: 0 | E121: 0 | F121: 0 | G121: 0 | H121: 0
B122: Capex Incurred | C122: £m nominal | D122: 228.10817 | E122: 310.9741 | F122: 352.17129 | G122: 0 | H122: 0
B124: Depreciation and Amortisation | C124: £m nominal | D124: 128.9 | E124: 102.5 | F124: 112 | G124: 0 | H124: 0
B125: Other Operating Expenses (Opex)
A126: 1 | B126: Other Operational Costs Incurred | C126: £m nominal | D126: 216.5 | E126: 202.1 | F126: 232.6 | G126: 0 | H126: 0
A127: 2 | B127: [Input description] | C127: £m nominal | D127: -9.8 | E127: -11.1 | F127: -13.3 | G127: 0 | H127: 0
A128: 3 | B128: [Input description, add additional rows as required] | C128: £m nominal | D128: 0 | E128: 0 | F128: 0 | G128: 0 | H128: 0
B129: Opex Incurred (excluding Depreciation & Amortisation) | C129: £m nominal | D129: 206.7 | E129: 191 | F129: 219.3 | G129: 0 | H129: 0
B131: Total Expenditure Incurred | C131: £m nominal | D131: 563.70817 | E131: 604.4741 | F131: 683.47129 | G131: 0 | H131: 0
B133: Reconciling Items to Total Net costs after non-price control allocations
...

Sheet R4 - Incentives and Other Rev
A1: R4 - Incentives and Other Revenue
A2: SPD
A3: 2026
D5: Actuals | E5: Actuals | F5: Actuals | G5: Forecast | H5: Forecast | I5: Forecast
D6: 2024 | E6: 2025 | F6: 2026 | G6: 2027 | H6: 2028 | I6: Cumulative to 2026 | J6: RIIO-2 period
D7: 2023/24 | E7: 2024/25 | F7: 2025/26 | G7: 2026/27 | H7: 2027/28
B8: Output Incentives (Post Tax)
A12: a | B12: Business Plan Incentive (per latest PCFM company-specific Input Sheet) | C12: £m 20/21 | D12: 0 | E12: 0 | F12: 0 | G12: 0 | H12: 0 | I12: 0 | J12: 0
B13: Output Incentives (per latest PCFM company-specific Input Sheet)
A14: b | B14: Time to connect ODI | C14: £m 20/21 | D14: 0.31977679 | E14: 0.7221382 | F14: 1.244 | G14: 0.4 | H14: 0.4 | I14: 2.285915 | J14: 3.085915
A15: c | B15: Broad Measure of Customer Service ODI | C15: £m 20/21 | D15: 0.55217773 | E15: 0.76234247 | F15: 2.1606837 | G15: 2.7972 | H15: 3.323 | I15: 3.4752039 | J15: 9.5954039
A16: d | B16: Interruptions incentive scheme ODI | C16: £m 20/21 | D16: 2.9376707 | E16: 2.7283044 | F16: 3.1892345 | G16: 1.255965 | H16: 1.25358 | I16: 8.8552096 | J16: 11.364755
A17: e | B17: Major connections ODI | C17: £m 20/21 | D17: 0 | E17: 0 | F17: 0 | G17: 0 | H17: 0 | I17: 0 | J17: 0
A18: f | B18: Consumer Vulnerability ODI | C18: £m 20/21 | D18: 0 | E18: 1.661 | F18: 0 | G18: 0 | H18: 4.9174061 | I18: 1.661 | J18: 6.5784061
A19: g | B19: Distribution System Operator ODI | C19: £m 20/21 | D19: 0.282672 | E19: 1.72748 | F19: 3.08201 | G19: 1.955 | H19: 2.44375 | I19: 5.092162 | J19: 9.490912
A20: h | B20: Dig, Fix and Go ODI (ENWL only) | C20: £m 20/21 | D20: 0 | E20: 0 | F20: 0 | G20: 0 | H20: 0 | I20: 0 | J20: 0
A21: i | B21: Collaborative Streetworks ODI (EPN, LPN and SPN only) | C21: £m 20/21 | D21: 0 | E21: 0 | F21: 0 | G21: 0 | H21: 0 | I21: 0 | J21: 0
B22: Earned Output Incentive revenue as per PCFM | C22: £m 20/21 | D22: 4.0922972 | E22: 7.601265 | F22: 9.6759283 | G22: 6.408165 | H22: 12.337736 | I22: 21.369491 | J22: 40.115392
B25: Additional Commentary
A26: a
A27: b
A28: c
A29: d
A30: e
A31: f
A32: g
A33: h
A34: i
B36: Other Revenue Allowances (ORAt) - Post Tax
B38: Innovation
A40: i | B40: Network Innovation Allowance | C40: NIAt
B41: Total NIA Expenditure | C41: £m 20/21 | D41: 0.078688423 | E41: 0.9260413 | F41: 1.2249028 | G41: 0 | H41: 0 | I41: 2.2296325 | J41: 2.2296325 | K41: Does not apply to NGGT SO
B42: Unrecoverable Expenditure (eg not conforming to technical requirements) | C42: £m 20/21 | D42: 0 | E42: 0 | F42: 0 | G42: 0 | H42: 0 | I42: 0 | J42: 0
B43: Company Compulsory Contribution (including % contribution funded by licensee) | C43: £m 20/21 | D43: 0.0078688423 | E43: 0.09260413 | F43: 0.12249028 | G43: 0 | H43: 0 | I43: 0.22296325 | J43: 0.22296325
B44: Allowed NIA adjustment | C44: £m 20/21 | D44: 0.070819581 | E44: 0.83343717 | F44: 1.1024125 | G44: 0 | H44: 0 | I44: 2.0066693 | J44: 2.0066693
B45: Network innovation input for RORE | C45: £m 20/21 | D45: 0.0078688423 | E45: 0.09260413 | F45: 0.12249028 | G45: 0 | H45: 0 | I45: 0.22296325 | J45: 0.22296325
A47: ii | B47: Carry Over RIIO-1 Network Innovation Allowance | C47: CNIAt
B48: Eligible NIA expenditure and Bid Preparation costs | C48: £m 20/21 | D48: 0.93376717 | K48: Does not apply to NGGT SO
B49: Unrecoverable Expenditure (eg not conforming to technical requirements) | C49: £m 20/21 | D49: 0
B50: Company Compulsory Contribution (including % contribution funded by licensee) | C50: £m 20/21 | D50: 0
B51: Allowed CNIA adjustment | C51: £m 20/21 | D51: 0.93376717
B52: Carry-over Network innovation input for RORE | C52: £m 20/21 | D52: 0
A54: iii | B54: Strategic Innovation Fund | C54: SIFt
B55: SIF Funding | C55: £m 20/21 | D55: 0.10437471 | E55: 0.1049288 | F55: 0.26708995 | G55: 0 | H55: 0 | I55: 0.47639346 | J55: 0.47639346 | K55: Does not apply to NGGT SO
B56: SIF Funding Return (Disallowed Expenditure only) | C56: £m 20/21 | D56: 0 | E56: 0 | F56: 0 | G56: 0 | H56: 0 | I56: 0 | J56: 0
B57: Company Compulsory Contribution (including % contribution funded by licensee) | C57: £m 20/21 | D57: 0.010437471 | E57: 0.01049288 | F57: 0.026708995 | G57: 0 | H57: 0 | I57: 0.047639346 | J57: 0.047639346
B58: Allowed SIF adjustment | C58: £m 20/21 | D58: 0.093937237 | E58: 0.09443592 | F58: 0.24038096 | G58: 0 | H58: 0 | I58: 0.42875411 | J58: 0.42875411
B59: Strategic innovation input for RORE | C59: £m 20/21 | D59: 0.010437471 | E59: 0.01049288 | F59: 0.026708995 | G59: 0 | H59: 0 | I59: 0.047639346 | J59: 0.047639346
B62: Incentives
B63: Actuals may be updated once all incentives are determined - ONLY APPLIES TO NGGT - SO
B64: NOTE: Section below excludes ORA (i), (ii) and (iii) which have already been included as part of "Innovation" section above.
B65: Incentives per latest PCFM company-specific Input Sheet
A66: iv | C66: £m 20/21 | D66: 0 | E66: 0 | F66: 0 | G66: 0 | H66: 0 | I66: 0 | J66: 0
A67: v | C67: £m 20/21 | D67: 0 | E67: 0 | F67: 0 | G67: 0 | H67: 0 | I67: 0 | J67: 0
A68: vi | C68: £m 20/21 | D68: 0 | E68: 0 | F68: 0 | G68: 0 | H68: 0 | I68: 0 | J68: 0
A69: vii | C69: £m 20/21 | D69: 0 | E69: 0 | F69: 0 | G69: 0 | H69: 0 | I69: 0 | J69: 0
A70: viii | C70: £m 20/21 | D70: 0 | E70: 0 | F70: 0 | G70: 0 | H70: 0 | I70: 0 | J70: 0
C71: £m 20/21 | D71: 0 | E71: 0 | F71: 0 | G71: 0 | H71: 0 | I71: 0 | J71: 0
B74: Additional Commentary
A75: i | B75: 0
A76: ii | B76: 0
A77: iii | B77: 0
A78: iv | B78: 0
A79: v | B79: 0
A80: vi | B80: 0
A81: vii | B81: 0
A82: viii | B82: 0

Sheet R5 - Financing
A1: R5 - Financing
A2: SPD
A3: 2026
D5: Actuals | E5: Actuals | F5: Actuals | G5: Forecast | H5: Forecast | I5: Forecast
D6: 2024 | E6: 2025 | F6: 2026 | G6: 2027 | H6: 2028 | I6: Cumulative to 2026 | J6: RIIO-2 period
D7: 2023/24 | E7: 2024/25 | F7: 2025/26 | G7: 2026/27 | H7: 2027/28
B9: Net Interest Per Statutory Accounts | C9: £m nominal | D9: 80.859411 | E9: 83.824359 | F9: 87.956832 | G9: 77.396086 | H9: 69.070248
B11: Reconciliation with Statutory Accounts
B12: Interest not qualifying for corporation tax relief | C12: £m nominal | D12: 0 | E12: 0 | F12: 0 | G12: 0 | H12: 0
B13: Fair value adjustments (e.g. losses on derivatives) | C13: £m nominal | D13: 0 | E13: 0 | F13: 0 | G13: 0 | H13: 0
B14: Dividends on preference shares | C14: £m nominal | D14: 0 | E14: 0 | F14: 0 | G14: 0 | H14: 0
B15: Costs of early redemption on long term debt | C15: £m nominal | D15: 0 | E15: 0 | F15: 0 | G15: 0 | H15: 0
B16: Swap Termination Costs paid | C16: £m nominal | D16: 0 | E16: 0 | F16: 0 | G16: 0 | H16: 0
B17: Movements relating to pension fund liabilities reported within net interest | C17: £m nominal | D17: 0 | E17: 0 | F17: 0 | G17: 0 | H17: 0
B18: Debt issuance expenses (inc. amortisation to discounts that had previously benefitted from a tax deduction) | C18: £m nominal | D18: 0 | E18: 0 | F18: 0 | G18: 0 | H18: 0
B19: Commitment fees for undrawn liquidity backup lines | C19: £m nominal | D19: -0.77452055 | E19: -2.722802 | F19: -2.96625 | G19: 0 | H19: 0
B20: Other Adjustments [please specify] | C20: £m nominal | D20: -2.2 | E20: -2.3 | F20: -2.3 | G20: 0 | H20: 0
B21: Other Adjustments [please specify] | C21: £m nominal | D21: 0 | E21: 0 | F21: 0 | G21: 0 | H21: 0
B22: Other Adjustments [please specify] | C22: £m nominal | D22: 0 | E22: 0 | F22: 0 | G22: 0 | H22: 0
B23: Other Adjustments [please specify] | C23: £m nominal | D23: 0 | E23: 0 | F23: 0 | G23: 0 | H23: 0
... B33: Intra-company Net Interest | C33: £m nominal | D33: 57.32239 | E33: 58.239057 | F33: 62.128082 | G33: 102.12873 | H33: 105.11004
D34: OK | E34: OK | F34: OK | G34: OK | H34: OK
B36: Memo: Net interest (RIIO-2) Definition that relates to non-cash principal inflation accretion on bonds and loans | C36: £m nominal | D36: 0 | E36: 0 | F36: 0 | G36: 0 | H36: 0
B38: Inflation component of nominal finance cost | C38: £m nominal | D38: 113.75546 | E38: 50.324626 | F38: 64.517653 | G38: 23.706452 | H38: 41.774008
B40: In-period real finance cost (reg terms) at actual gearing | C40: £m nominal | D40: -35.870574 | E40: 28.476931 | F40: 18.172929 | G40: 78.422279 | H40: 63.336034
B42: Combined RPI-CPIH real to nominal prices conversion | C42: Factor | D42: 1.2806227 | E42: 1.3217926 | F42: 1.3718375 | G42: 1.3888946 | H42: 1.4165978
B44: In-period real finance cost (reg terms) at actual gearing | C44: £m 20/21 | D44: -28.01026 | E44: 21.544175 | F44: 13.247145 | G44: 56.463808 | H44: 44.709962 | I44: 6.7810602 | J44: 107.95483
B46: Adjustments to be applied to Assumed Finance cost for performance assessment
B47: Add back Debt Issuance expenses | C47: £m nominal | D47: 0 | E47: 0 | F47: 0 | G47: 0 | H47: 0 | I47: 0 | J47: 0
B48: New/refinanced debt issuance expenses | C48: £m nominal | D48: 0 | E48: 0 | F48: 0 | G48: 0 | H48: 0 | I48: 0 | J48: 0
B49: Costs of early redemption on long term debt (excluding exceptional costs of buy backs associated with M&A activity) | C49: £m nominal | D49: 0 | E49: 0 | F49: 0 | G49: 0 | H49: 0 | I49: 0 | J49: 0
B50: Add accrual for inflation accretion on index-linked swaps (if applicable) | C50: £m nominal | D50: 0 | E50: 0 | F50: 0 | G50: 0 | H50: 0 | I50: 0 | J50: 0
B51: Other Adjustments [please specify] | C51: £m nominal | D51: 0 | E51: 0 | F51: 0 | G51: 0 | H51: 0 | I51: 0 | J51: 0
B52: Other Adjustments [please specify] | C52: £m nominal | D52: 0 | E52: 0 | F52: 0 | G52: 0 | H52: 0 | I52: 0 | J52: 0
B53: Other Adjustments [please specify] | C53: £m nominal | D53: 0 | E53: 0 | F53: 0 | G53: 0 | H53: 0 | I53: 0 | J53: 0
B54: Other Adjustments [please specify] | C54: £m nominal | D54: 0 | E54: 0 | F54: 0 | G54: 0 | H54: 0 | I54: 0 | J54: 0
B56: Total Adjustments to be applied for performance assessment (at actual gearing) | C56: £m nominal | D56: 0 | E56: 0 | F56: 0 | G56: 0 | H56: 0 | I56: 0 | J56: 0
B57: Total Adjustments to be applied for performance assessment (at actual gearing) | C57: £m 20/21 | D57: 0 | E57: 0 | F57: 0 | G57: 0 | H57: 0 | I57: 0 | J57: 0
B60: Cost of Debt out(under)performance at notional gearing
B61: Performance against allowance is impacted by deviating from notional levels of gearing
B63: Notional Gearing | C63: % | D63: 0.6 | E63: 0.6 | F63: 0.6 | G63: 0.6 | H63: 0.6
B64: Actual Gearing | C64: % | D64: 0.61849539 | E64: 0.58173147 | F64: 0.59033417 | G64: 0.61410747 | H64: 0.62855987
B66: In-period real finance cost (reg terms) at actual gearing | C66: £m nominal | D66: -35.870574 | E66: 28.476931 | F66: 18.172929 | G66: 78.422279 | H66: 63.336034
B67: Adjustment to regulatory finance cost relating to variance from notional gearing | C67: £m nominal | D67: 1.072668 | E67: 0.89428138 | F67: 0.29755417 | G67: -1.8015414 | H67: -2.8777985
B68: In-period real finance cost (reg terms) at notional gearing | C68: £m nominal | D68: -34.797906 | E68: 29.371213 | F68: 18.470483 | G68: 76.620738 | H68: 60.458235
B70: In-period real finance cost (reg terms) at notional gearing | C70: £m 20/21 | D70: -27.172646 | E70: 22.220743 | F70: 13.464047 | G70: 55.166704 | H70: 42.678476 | I70: 8.5121436 | J70: 106.35732
B71: Adjustments to be applied for performance assessment (at notional gearing) | C71: £m 20/21 | D71: 0 | E71: 0 | F71: 0 | G71: 0 | H71: 0 | I71: 0 | J71: 0
B73: Cost of Debt Allowance
B75: The latest PCFM contains the allowed cost of debt rate (%) for the reporting year.
B77: Real Cost of Debt Allowance as per latest PCFM (prior year AIP) | C77: £m 20/21 | D77: 36.103285 | E77: 37.854536 | F77: 39.783111 | G77: 41.908545 | H77: 44.112452
B80: Out(under) performance
B81: The real cost of debt is compared against the regulatory debt allowance (set in real terms) for an assessment of performance given the inflation protection provided by RAV indexation.
B82: Pre-Tax performance
B83: Pre-Tax Cost of Debt out(under)performance at actual gearing | C83: £m 20/21 | D83: 64.113545 | E83: 16.31036 | F83: 26.535967 | G83: -14.555264 | H83: -0.59751029 | I83: 106.95987 | J83: 91.807098
B85: Pre-Tax Cost of Debt out(under)performance at notional gearing | C85: £m 20/21 | D85: 63.27593 | E85: 15.633793 | F85: 26.319065 | G85: -13.258159 | H85: 1.4339757 | I85: 105.22879 | J85: 93.404605
B87: Pre-Tax Impact on out(under) performance relating to deviating from notional levels of gearing | C87: £m 20/21 | D87: 0.83761442 | E87: 0.6765671 | F87: 0.21690192 | G87: -1.2971044 | H87: -2.031486 | I87: 1.7310834 | J87: -1.5975069

Sheet R6 - Net Debt
A1: R6 - Net Debt
A2: SPD
A3: 2026
D5: Actuals | E5: Actuals | F5: Actuals | G5: Forecast | H5: Forecast
D6: 2024 | E6: 2025 | F6: 2026 | G6: 2027 | H6: 2028
D7: 2023/24 | E7: 2024/25 | F7: 2025/26 | G7: 2026/27 | H7: 2027/28
B9: Opening Cash, short term deposits and overdrafts (per Balance Sheet) | C9: £m nominal | D9: 0 | E9: -2.6 | F9: -2.3 | G9: 0 | H9: 0
B11: Closing Cash, short term deposits and overdrafts (per Balance Sheet) | C11: £m nominal | D11: -2.6 | E11: -2.3 | F11: 0 | G11: 0 | H11: 0
B12: Bonds | C12: £m nominal | D12: 350 | E12: 350 | F12: 350 | G12: 0 | H12: 0
B13: External Loans | C13: £m nominal | D13: 0 | E13: 0 | F13: 0 | G13: 0 | H13: 0
B14: Private Placements | C14: £m nominal | D14: 0 | E14: 0 | F14: 0 | G14: 0 | H14: 0
B15: Group company loans (licensee lender) | C15: £m nominal | D15: -136.92568 | E15: -82.3 | F15: -54.6 | G15: 0 | H15: 0
B16: Group company loans (licensee borrower) | C16: £m nominal | D16: 1320 | E16: 1330 | F16: 1515 | G16: 1515 | H16: 1475
B17: Group Loans from Finco back to back with finco bond issue | C17: £m nominal | D17: 0 | E17: 0 | F17: 0 | G17: 0 | H17: 0
B18: Swaps Pay Leg | C18: £m nominal | D18: 0 | E18: 0 | F18: 0 | G18: 0 | H18: 0
B19: Swaps Receive Leg | C19: £m nominal | D19: 0 | E19: 0 | F19: 0 | G19: 0 | H19: 0
B20: Other | C20: £m nominal | D20: 0 | E20: 0 | F20: 0 | G20: 0 | H20: 0
B21: Total Modelled Debt | C21: £m nominal | D21: 1530.4743 | E21: 1595.4 | F21: 1810.4 | G21: 1515 | H21: 1475
B23: Conversion to Regulatory (RIIO-2) Definition of Net Debt
B24: Unamortised Issue Costs | C24: £m nominal | D24: 0 | E24: 0 | F24: 0 | G24: 0 | H24: 0
B25: Fixed asset investments not readily convertible to cash | C25: £m nominal | D25: 0 | E25: 0 | F25: 0 | G25: 0 | H25: 0
B26: Preference shares | C26: £m nominal | D26: 0 | E26: 0 | F26: 0 | G26: 0 | H26: 0
B27: Long term loans (Not for benefit of regulated business or distribution in nature) | C27: £m nominal | D27: 0 | E27: 0 | F27: 0 | G27: 0 | H27: 0
B28: Discounts (premiums) for fixed rate debt | C28: £m nominal | D28: 0 | E28: 0 | F28: 0 | G28: 0 | H28: 0
B29: 1. [Insert adjustment as necessary] | C29: £m nominal | D29: 0 | E29: 0 | F29: 0 | G29: 0 | H29: 0
B30: 2. [Insert adjustment as necessary] | C30: £m nominal | D30: 0 | E30: 0 | F30: 0 | G30: 0 | H30: 0
B31: 3. [Insert adjustment as necessary] | C31: £m nominal | D31: 0 | E31: 0 | F31: 0 | G31: 0 | H31: 0
B32: 4. [Insert adjustment as necessary] | C32: £m nominal | D32: 0 | E32: 0 | F32: 0 | G32: 0 | H32: 0
B33: 5. [Insert adjustment as necessary] | C33: £m nominal | D33: 0 | E33: 0 | F33: 0 | G33: 0 | H33: 0
B34: 6. [Insert adjustment as necessary] | C34: £m nominal | D34: 0 | E34: 0 | F34: 0 | G34: 0 | H34: 0
B35: 7. [Insert adjustment as necessary] | C35: £m nominal | D35: 0 | E35: 0 | F35: 0 | G35: 0 | H35: 0
... B42: Regulatory Net Debt including forecast new debt/refinancing | C42: £m nominal | D42: 1530.4743 | E42: 1595.4 | F42: 1810.4 | G42: 2002.8234 | H42: 2185.8441
D43: OK | E43: OK | F43: OK | G43: OK | H43: OK
B45: Opening Regulatory Net Debt including forecast new debt/refinancing | C45: £m nominal | D45: 1600.5 | E45: 1530.4743 | F45: 1595.4 | G45: 1810.4 | H45: 2002.8234
B46: Closing Regulatory Net Debt including forecast new debt/refinancing | C46: £m nominal | D46: 1530.4743 | E46: 1595.4 | F46: 1810.4 | G46: 2002.8234 | H46: 2185.8441
B48: Conversion from Regulatory (RIIO-2) Definition of Net Debt to Statutory Net Debt
B49: 1. Fair value adjustments | C49: £m nominal | D49: 0 | E49: 0 | F49: 0 | G49: 0 | H49: 0
B50: 2. Accrued interest | C50: £m nominal | D50: 33.1 | E50: 32.6 | F50: 32.8 | G50: 0 | H50: 0
B51: 3. Derivatives - other than cross currency swaps | C51: £m nominal | D51: 0 | E51: 0 | F51: 0 | G51: 0 | H51: 0
B52: 4. Balancing value on cross currency swaps | C52: £m nominal | D52: 0 | E52: 0 | F52: 0 | G52: 0 | H52: 0
B53: 5. IFRS 16 Right of Use Lease Liability | C53: £m nominal | D53: 62.8 | E53: 74.3 | F53: 73.2 | G53: 0 | H53: 0
B54: 6. [Insert adjustment as necessary] | C54: £m nominal | D54: 0 | E54: 0 | F54: 0 | G54: 0 | H54: 0
B55: 7. [Insert adjustment as necessary] | C55: £m nominal | D55: 0 | E55: 0 | F55: 0 | G55: 0 | H55: 0
B56: 8. [Insert adjustment as necessary] | C56: £m nominal | D56: 0 | E56: 0 | F56: 0 | G56: 0 | H56: 0
B57: 9. [Insert adjustment as necessary] | C57: £m nominal | D57: 0 | E57: 0 | F57: 0 | G57: 0 | H57: 0
B58: 10. [Insert adjustment as necessary] | C58: £m nominal | D58: 0 | E58: 0 | F58: 0 | G58: 0 | H58: 0
B59: Net Debt per Statutory Accounts | C59: £m nominal | D59: 1626.3743 | E59: 1702.3 | F59: 1916.4 | G59: 2002.8234 | H59: 2185.8441
B61: Allocation of net debt (Per regulatory definition. Transmission companies only)
B62: Gas system operator allocation (transmission companies only) | C62: % | D62: 0 | E62: 0 | F62: 0 | G62: 0 | H62: 0
B63: Transmission or distribution allocation | C63: % | D63: 1 | E63: 1 | F63: 1 | G63: 1 | H63: 1
B65: Average Net Debt (per Regulatory Definition) | C65: £m nominal | D65: 1565.4872 | E65: 1562.9372 | F65: 1702.9 | G65: 1906.6117 | H65: 2094.3337
B66: Equity RAV | C66: £m nominal | D66: 965.63463 | E66: 1123.7615 | F66: 1181.7373 | G66: 1198.0757 | H66: 1237.6221
B67: Average RAV | C67: £m nominal | D67: 2531.1218 | E67: 2686.6986 | F67: 2884.6373 | G67: 3104.6873 | H67: 3331.9558
B68: Actual Regulatory Gearing | C68: % | D68: 0.61849539 | E68: 0.58173147 | F68: 0.59033417 | G68: 0.61410747 | H68: 0.62855987
B69: Notional Gearing | C69: % | D69: 0.6 | E69: 0.6 | F69: 0.6 | G69: 0.6 | H69: 0.6
B70: Gearing Ratio delta | C70: % | D70: 0.018495389 | E70: -0.018268528 | F70: -0.0096658273 | G70: 0.014107471 | H70: 0.028559866
B72: NPV Neutral assumed Average Net Debt | C72: £m 20/21 | D72: 1200.5223 | E72: 1157.7905 | F72: 1227.0287 | G72: 1344.6369 | H72: 1448.6581
B73: NPV Neutral assumed Equity RAV | C73: £m 20/21 | D73: 740.5145 | E73: 832.45852 | F73: 851.50372 | G73: 844.94223 | H73: 856.06766
B74: NPV Neutral assumed Average RAV | C74: £m 20/21 | D74: 1941.0368 | E74: 1990.249 | F74: 2078.5325 | G74: 2189.5791 | H74: 2304.7258
B75: Actual Regulatory Gearing | C75: % | D75: 0.61849539 | E75: 0.58173147 | F75: 0.59033417 | G75: 0.61410747 | H75: 0.62855987
... B77: Gearing Ratio delta | C77: % | D77: 0.018495389 | E77: -0.018268528 | F77: -0.0096658273 | G77: 0.014107471 | H77: 0.028559866

Sheet R7 - RAV
A1: R7 - Regulatory Asset Value (RAV)
A2: SPD
A3: 2026
F5: Actuals | G5: Actuals | H5: Actuals | I5: Forecast | J5: Forecast
F6: 2024 | G6: 2025 | H6: 2026 | I6: 2027 | J6: 2028
F7: 2023/24 | G7: 2024/25 | H7: 2025/26 | I7: 2026/27 | J7: 2027/28
B9: RAV per latest PCFM
B12: Closing RAV per latest PCFM | E12: £m 20/21 | F12: 1995.6512 | G12: 2066.9602 | H12: 2175.653 | I12: 2294.0993 | J12: 2410.7236
B15: Opening RAV (before transfers) | E15: £m 20/21 | F15: 1962.6865 | G15: 1995.6512 | H15: 2066.9602 | I15: 2175.653 | J15: 2294.0993
B16: Transfers | E16: £m 20/21
B17: Opening RAV (after transfers) | E17: £m 20/21 | F17: 1962.6865 | G17: 1995.6512 | H17: 2066.9602 | I17: 2175.653 | J17: 2294.0993
B18: Net additions (after disposals) | E18: £m 20/21 | F18: 201.92275 | G18: 238.18492 | H18: 239.70989 | I18: 248.87974 | J18: 245.89942
B19: Net additions (after disposals) - enduring value adjustment | E19: £m 20/21 | F19: 0 | G19: 0 | H19: 0 | I19: 0 | J19: 0
B20: Total Net Additions | E20: £m 20/21 | F20: 201.92275 | G20: 238.18492 | H20: 239.70989 | I20: 248.87974 | J20: 245.89942
B21: Depreciation | E21: £m 20/21 | F21: -168.95804 | G21: -166.87593 | H21: -131.01708 | I21: -130.43347 | J21: -129.27508
B22: Depreciation - enduring value adjustment | E22: £m 20/21 | F22: 0 | G22: 0 | H22: 0 | I22: 0 | J22: 0
B23: Total Depreciation | E23: £m 20/21 | F23: -168.95804 | G23: -166.87593 | H23: -131.01708 | I23: -130.43347 | J23: -129.27508
B24: Adjusted Closing RAV | E24: £m 20/21 | F24: 1995.6512 | G24: 2066.9602 | H24: 2175.653 | I24: 2294.0993 | J24: 2410.7236
B26: Total enduring value and other adjustments | E26: £m 20/21 | F26: 0 | G26: 0 | H26: 0 | I26: 0 | J26: 0
B27: CHECK | F27: TRUE | G27: TRUE | H27: TRUE | I27: NA | J27: NA
B30: Index for Opening RAV conversion to nominal in yr 1 | E30: Index | F30: 1.2567228
B32: Adjusted Closing RAV | E32: £m nominal | F32: 2595.6907 | G32: 2777.7066 | H32: 2991.568 | I32: 3217.8066 | J32: 3446.1051
B34: Cost of debt | E34: annual real % | F34: 0.031 | G34: 0.0317 | H34: 0.0319 | I34: 0.0319 | J34: 0.0319
B35: Cost of equity | E35: annual real % | F35: 0.052833944 | G35: 0.055875458 | H35: 0.054475396 | I35: 0.054934037 | J35: 0.055127149
B36: Notional gearing | E36: % | F36: 0.6 | G36: 0.6 | H36: 0.6 | I36: 0.6 | J36: 0.6
B37: Vanilla WACC | E37: annual real % | F37: 0.039733578 | G37: 0.041370183 | H37: 0.040930158 | I37: 0.041113615 | J37: 0.04119086
B39: NPV-neutral debt element of RAV | E39: £m 20/21 | F39: 1164.6221 | G39: 1194.1494 | H39: 1247.1195 | I39: 1313.7475 | J39: 1382.8355
B40: NPV-neutral equity element of RAV | E40: £m 20/21 | F40: 776.41473 | G40: 796.0996 | H40: 831.41299 | I40: 875.83165 | J40: 921.89032
B41: NPV-neutral RAV return base | E41: £m 20/21 | F41: 1941.0368 | G41: 1990.249 | H41: 2078.5325 | I41: 2189.5791 | J41: 2304.7258
B43: Debt Return on RAV | E43: £m 20/21 | F43: 36.103285 | G43: 37.854536 | H43: 39.783111 | I43: 41.908545 | J43: 44.112452
B44: Equity Return on RAV | E44: £m 20/21 | F44: 41.021052 | G44: 44.48243 | H44: 45.291552 | I44: 48.112968 | J44: 50.821185
B45: Total return on RAV | E45: £m 20/21 | F45: 77.124337 | G45: 82.336965 | H45: 85.074663 | I45: 90.021513 | J45: 94.933637

Sheet R8 - Tax
A1: R8 - Tax
A2: SPD
A3: 2026
E5: Actuals | F5: Actuals | G5: Forecast | H5: Forecast | I5: Forecast
E6: 2024 | F6: 2025 | G6: 2026 | H6: 2027 | I6: 2028
E7: 2023/24 | F7: 2024/25 | G7: 2025/26 | H7: 2026/27 | I7: 2027/28
B8: The CT600 will not have been submitted for the current reporting year.
B9: It is assumed the current tax charge per the statutory accounts will equal the tax liability in the forthcoming CT600, where this is not the case the licensee should provide an explanation in the commentary of the variance.
B11: Tax liability per latest submitted CT600 (pre-group relief) after Regulatory Adjustments | D11: £m nominal | E11: 16.196408 | F11: 11.245932 | G11: 0 | H11: 0 | I11: 0
B15: Adjustments to remove non-regulated tax liability
B16: Tax on non-regulated activities | D16: £m nominal | E16: 6.3569161 | F16: 10.326302 | G16: 0 | H16: 0 | I16: 0
B17: Metering | D17: £m nominal | E17: 0 | F17: 0 | G17: 0 | H17: 0 | I17: 0
B18: De-minimus and Other activities | D18: £m nominal | E18: 0 | F18: 0 | G18: 0 | H18: 0 | I18: 0
B19: Excluded services | D19: £m nominal | E19: 0 | F19: 0 | G19: 0 | H19: 0 | I19: 0
B20: Non-regulated tax | D20: £m nominal | E20: 6.3569161 | F20: 10.326302 | G20: 0 | H20: 0 | I20: 0
B22: Other adjustments
B23: Tax on Other Revenue Allowances - Innovation and Incentives only | D23: £m nominal | E23: 0.0078144932 | F23: 0.045424288 | G23: 0 | H23: 0 | I23: 0
B24: Collected revenue adjustment ('k') | D24: £m nominal | E24: 2.2466045 | F24: 12.17235 | G24: 0 | H24: 0 | I24: 0
B25: Pension - timing adjustment | D25: £m nominal | E25: 0 | F25: 0 | G25: 0 | H25: 0 | I25: 0
B26: Pension - disallowed contributions | D26: £m nominal | E26: 0 | F26: 0 | G26: 0 | H26: 0 | I26: 0
B27: Tax on derivatives not disregarded | D27: £m nominal | E27: 0 | F27: 0 | G27: 0 | H27: 0 | I27: 0
B28: Legacy revenues | D28: £m nominal | E28: 4.8014557 | F28: 10.942466 | G28: 0 | H28: 0 | I28: 0
B29: Timing | D29: £m nominal | E29: -11.342538 | F29: -22.252118 | G29: 0 | H29: 0 | I29: 0
B30: [Insert adjustment as necessary] | D30: £m nominal | E30: 0 | F30: 0 | G30: 0 | H30: 0 | I30: 0
B31: [Insert adjustment as necessary] | D31: £m nominal | E31: 0 | F31: 0 | G31: 0 | H31: 0 | I31: 0
B32: [Insert new rows here as necessary] | D32: £m nominal | E32: 0 | F32: 0 | G32: 0 | H32: 0 | I32: 0
B33: Total other adjustments | D33: £m nominal | E33: -4.2866635 | F33: 0.90812265 | G33: 0 | H33: 0 | I33: 0
B35: Forecast regulated tax liability (including impact of any enduring value adjustments) | D35: £m nominal | E35: 0 | F35: 0 | G35: 0 | H35: 0 | I35: 0
... B40: Adjusted/forecast regulated tax liability | D40: £m 20/21 | E40: 11.030693 | F40: 0.0087060368 | G40: 0 | H40: 0 | I40: 0
B42: Tax out(under)performance at notional gearing
B43: Performance against allowance is impacted by deviating from notional levels of gearing
B45: Notional Gearing | D45: % | E45: 0.6 | F45: 0.6 | G45: 0.6 | H45: 0.6 | I45: 0.6
B46: Actual Gearing | D46: % | E46: 0.61849539 | F46: 0.58173147 | G46: 0.59033417 | H46: 0.61410747 | I46: 0.62855987
B48: Adjusted/forecast regulated tax liability | D48: £m nominal | E48: 14.126156 | F48: 0.011507575 | G48: 0 | H48: 0 | I48: 0
B49: Adjustment to regulatory tax cost relating to variance from notional gearing | D49: £m nominal | E49: -0.268167 | F49: -0.22357034 | G49: -0.074388543 | H49: 0.45038534 | I49: 0.71944963
B50: Revised regulated tax liability for comparison against allowance | D50: £m nominal | E50: 13.857989 | F50: -0.21206277 | G50: -0.074388543 | H50: 0.45038534 | I50: 0.71944963
B52: Revised regulated tax liability for comparison against allowance | D52: £m 20/21 | E52: 10.821289 | F52: -0.16043574 | G52: -0.054225479 | H52: 0.32427611 | I52: 0.50787149
B54: Allowance
B56: Tax Allowance per latest PCFM | D56: £m 20/21 | E56: 4.1012756 | F56: 1.5628832 | G56: 1.2419164 | H56: 1.2622803 | I56: 1.2767761
B58: Out(under) performance
B60: Regulated tax out(under) performance at actual gearing | D60: £m 20/21 | E60: -6.9294175 | F60: 1.5541771 | G60: 1.2419164 | H60: 1.2622803 | I60: 1.2767761
B62: Regulated tax out(under) performance at notional gearing | D62: £m 20/21 | E62: -6.7200139 | F62: 1.7233189 | G62: 1.2961419 | H62: 0.93800419 | I62: 0.76890457
B64: Impact on out(under) performance relating to deviating from notional levels of gearing | D64: £m 20/21 | E64: -0.20940361 | F64: -0.16914178 | G64: -0.054225479 | H64: 0.32427611 | I64: 0.50787149
B66: Tax impact of financing performance (at actual gearing) | D66: £m nominal | E66: -20.526315 | F66: -5.3897283 | G66: -9.1007582 | H66: 5.0539318 | I66: 0.21160794
B67: Tax impact of financing performance (at actual gearing) | D67: £m 20/21 | E67: -16.028386 | F67: -4.0775901 | G67: -6.6339917 | H67: 3.6388159 | I67: 0.14937757
B68: Tax impact of financing performance (at notional gearing) | D68: £m nominal | E68: -20.258148 | F68: -5.166158 | G68: -9.0263697 | H68: 4.6035465 | I68: -0.50784169
B69: Tax impact of financing performance (at notional gearing) | D69: £m 20/21 | E69: -15.818983 | F69: -3.9084483 | G69: -6.5797662 | H69: 3.3145398 | I69: -0.35849392
B70: Tax impact of financing performance relating to deviating from notional levels of gearing | D70: £m 20/21 | E70: -0.20940361 | F70: -0.16914178 | G70: -0.054225479 | H70: 0.32427611 | I70: 0.50787149

Sheet R9 - Corporate Governance
A1: R9 - Corporate Governance
A2: SPD
A3: 2026
D5: Actuals | E5: Actuals | F5: Actuals | G5: Forecast | H5: Forecast
D6: 2024 | E6: 2025 | F6: 2026 | G6: 2027 | H6: 2028
D7: 2023/24 | E7: 2024/25 | F7: 2025/26 | G7: 2026/27 | H7: 2027/28
A9: Dividends Reconciliation - Regulated Business to Accounts
B11: Dividend paid as per Statutory Accounts | C11: £m nominal | D11: 58.2 | E11: 62.9 | F11: 65.3 | G11: 0 | H11: 0
B12: Less dividend paid not related to Regulated business
B13: [Insert adjustment as necessary] | C13: £m nominal | D13: 0 | E13: 0 | F13: 0 | G13: 0 | H13: 0
B14: [Insert adjustment as necessary] | C14: £m nominal | D14: 0 | E14: 0 | F14: 0 | G14: 0 | H14: 0
B15: [Insert new rows here as necessary] | C15: £m nominal | D15: 0 | E15: 0 | F15: 0 | G15: 0 | H15: 0
B16: Dividend paid relating to the Regulated Business | C16: £m nominal | D16: 58.2 | E16: 62.9 | F16: 65.3 | G16: 0 | H16: 0
B18: Shareholder loan interest (not included as Net Interest per Regulatory (RIIO-2) definition) | C18: £m nominal | D18: 0 | E18: 0 | F18: 0 | G18: 0 | H18: 0
A22: Executive Directors* Remuneration
D23: 2026 - Actuals
D24: Director 1 | E24: Director 2 | F24: Director 3 | G24: Director 4 | H24: Director 5
C25: Name of Director | D25: Highest Paid Director (CEO Nicola Connelly) | E25: Other Directors | F25: Total | G25: 0 | H25: 0
B26: Fixed Pay
B27: Salary | C27: £m nominal | D27: 0.28 | E27: 0.478 | F27: 0.758 | G27: 0 | H27: 0
B28: Bonus | C28: £m nominal | D28: 0 | E28: 0 | F28: 0 | G28: 0 | H28: 0
B29: Position Value | C29: £m nominal | D29: 0.04 | E29: 0.03 | F29: 0.07 | G29: 0 | H29: 0
B30: Benefits | C30: £m nominal | D30: 0 | E30: 0 | F30: 0 | G30: 0 | H30: 0
B31: Private Medical Insurance | C31: £m nominal | D31: 0.00116081 | E31: 0.00401508 | F31: 0.00517589 | G31: 0 | H31: 0
B32: Car Allowance | C32: £m nominal | D32: 0.009 | E32: 0.0234 | F32: 0.0324 | G32: 0 | H32: 0
B33: Pension | C33: £m nominal | D33: 0 | E33: 0 | F33: 0 | G33: 0 | H33: 0
B34: Pension Allowance, no longer in scheme | C34: £m nominal | D34: 0.07 | E34: 0 | F34: 0.07 | G34: 0 | H34: 0
B35: Pension Top Up Allowance | C35: £m nominal | D35: 0 | E35: 0.0137 | F35: 0.0137 | G35: 0 | H35: 0
B36: Defined Benefit Scheme | C36: £m nominal | D36: 0 | E36: 0.06313188 | F36: 0.06313188 | G36: 0 | H36: 0
B37: Total Fixed Pay | C37: £m nominal | D37: 0.40016081 | E37: 0.61224696 | F37: 1.0124078 | G37: 0 | H37: 0
B38: Allocation to Regulated Business | C38: £m nominal | D38: 0 | E38: 0.14550102 | F38: 0.14550102 | G38: 0 | H38: 0
B40: Variable Pay
B41: Incentives | C41: £m nominal | D41: 0 | E41: 0 | F41: 0 | G41: 0 | H41: 0
B42: [Insert new rows here as necessary] | C42: £m nominal | D42: 0.47053685 | E42: 0 | F42: 0.47053685 | G42: 0 | H42: 0
B43: Performance related Pay | C43: £m nominal | D43: 0 | E43: 0 | F43: 0 | G43: 0 | H43: 0
B44: [Insert new rows here as necessary] | C44: £m nominal | D44: 0.19756376 | E44: 0.19075385 | F44: 0.38831761 | G44: 0 | H44: 0
B45: Total Variable Pay | C45: £m nominal | D45: 0.66810061 | E45: 0.19075385 | F45: 0.85885446 | G45: 0 | H45: 0
B46: Allocation to Regulated Business | C46: £m nominal | D46: 0 | E46: 0 | F46: 0 | G46: 0 | H46: 0
B48: Total Pay | C48: £m nominal | D48: 1.0682614 | E48: 0.80300081 | F48: 1.8712622 | G48: 0 | H48: 0
B49: Total Pay related to Regulated Business | C49: £m nominal | D49: 0 | E49: 0.14550102 | F49: 0.14550102 | G49: 0 | H49: 0
B51: Shares** / Options
B52: Share ownership/ awards | C52: No. of Shares | D52: 0 | E52: 0 | F52: 0 | G52: 0 | H52: 0
B53: [Insert new rows here as necessary] | D53: 0 | E53: 0 | F53: 0 | G53: 0 | H53: 0
B54: % Discount on shares purchased | C54: % | D54: 0 | E54: 0 | F54: 0 | G54: 0 | H54: 0
B55: % of shares held compared to total authorised shares | C55: % | D55: 0 | E55: 0 | F55: 0 | G55: 0 | H55: 0
B56: Value of total shares | C56: £m nominal | D56: 0 | E56: 0 | F56: 0 | G56: 0 | H56: 0
B57: No.of Options held | C57: No. | D57: 2349 | E57: 3758 | F57: 6107 | G57: 0 | H57: 0
B58: Exercise price | C58: £ | D58: 7.66 | E58: 7.66 | F58: 7.66 | G58: 0 | H58: 0
B59: No. of options exercised | C59: No. | D59: 0 | E59: 0 | F59: 0 | G59: 0 | H59: 0
B60: Value of Options exercised | C60: £m nominal | D60: 0 | E60: 0 | F60: 0 | G60: 0 | H60: 0
B62: Dividends paid | C62: £m nominal | D62: 0 | E62: 0 | F62: 0 | G62: 0 | H62: 0
B64: Total Shares, Options and Dividends | D64: 0 | E64: 0 | F64: 0 | G64: 0 | H64: 0
B65: Allocation to Regulated Business | C65: £m nominal | D65: 0 | E65: 0 | F65: 0 | G65: 0 | H65: 0
B67: Total Remuneration | C67: £m nominal | D67: 1.0682614 | E67: 0.80300081 | F67: 1.8712622 | G67: 0 | H67: 0
B68: Total Remuneration related to Regulated Business | C68: £m nominal | D68: 0 | E68: 0.14550102 | F68: 0.14550102 | G68: 0 | H68: 0
B70: Pay Ratios - CEO's total remuneration to company's UK employees remuneration
B71: 25th percentile | D71: 14.03
B72: 50th percentile | D72: 7.05
B73: 75th percentile | D73: 7.72
A75: *meaning executive board directors
A76: ** in addition to shares under Variable Pay
B78: Supporting Comments
B80: The only Bonus paid is in relation to performance therefore this is included this under Performance related bonus and not Bonus
B82: Total remuneration in our employee reporting doesn’t include PMI, Pension or Shares for employees. The pay ratio calculations were done against the SPEN CEO total Pay according to sustainability reporting (which is different to the above as wont include PMI). And worked out as a percentile against those employees who's Legal employer is SPD

Sheet R10 - Pensions & Oth Activities
A1: R10 - Pensions & Other Activities
A2: SPD
A3: 2026
D5: Actuals | E5: Actuals | F5: Actuals | G5: Forecast | H5: Forecast
D6: 2024 | E6: 2025 | F6: 2026 | G6: 2027 | H6: 2028
D7: 2023/24 | E7: 2024/25 | F7: 2025/26 | G7: 2026/27 | H7: 2027/28
B9: Pensions
B12: Licensee share of total pension deficit repair payment made for defined benefit scheme | C12: £m nominal | D12: 7.0036165 | E12: 1.671048 | F12: 1.5618965 | G12: 0 | H12: 0
B13: Of which:
B14: Established deficit element funded via specific allowances | C14: £m nominal | D14: 0 | E14: 0 | F14: 0 | G14: 0 | H14: 0
B15: Incremental deficit funded via totex | C15: £m nominal | D15: 7.0036165 | E15: 1.671048 | F15: 1.5618965 | G15: 0 | H15: 0
B18: Established deficit element funded via specific allowances | C18: £m 20/21 | D18: 0 | E18: 0 | F18: 0 | G18: 0 | H18: 0
B21: Established deficit (EDE) allowance as per latest PCFM | C21: £m 20/21 | D21: 29.993192 | E21: -5.75 | F21: -5.75 | G21: -5.75 | H21: -5.7448273
B22: Less Pension Payment History Allowance (PPH) | C22: £m 20/21 | D22: -0.60113756 | E22: -5.75 | F22: -5.8 | G22: 0 | H22: 0
B23: Established deficit allowance less PPH | C23: £m 20/21 | D23: 30.594329 | E23: 0 | F23: 0.05 | G23: -5.75 | H23: -5.7448273
D25: Enter valuation date
B28: Latest pension scheme valuation | D28: 44651
B30: Price base | D30: 21/22
B33: Total Liabilities attributable to post cut-off date notional sub fund | C33: £m 21/22 | D33: 915.6
B34: Total Liabilities attributable to pre cut-off date notional sub fund | C34: £m 21/22 | D34: 4217.8
D35: 0
B36: Total Assets attributable to post cut-off date notional sub fund | C36: £m 21/22 | D36: 852.4
B37: Total Assets attributable to pre cut-off date notional sub fund | C37: £m 21/22 | D37: 4061.4
B39: Deficit in the post Cut-Off Date Notional Sub-Fund | C39: £m 21/22 | D39: 63.2
B40: Deficit in the pre Cut-Off Date Notional Sub-Fund | C40: £m 21/22 | D40: 156.4
B42: Licensee element of established deficit | C42: £m 21/22 | D42: -29.4
B43: Licensee element of incremental deficit | C43: £m 21/22 | D43: 15.6
B47: Other Activities
D51: Actuals | E51: Actuals | F51: Actuals | G51: Forecast | H51: Forecast
D52: 2024 | E52: 2025 | F52: 2026 | G52: 2027 | H52: 2028
B54: Post-tax total fines and penalties (including GS payments) | C54: £m 20/21 | D54: 0.1498815 | E54: 1.8169502 | F54: 0.02480159 | G54: 0 | H54: 0
B56: Ofgem related fines and penalties
B57: [Insert detail of fine or penalty] | C57: £m nominal | D57: 0 | E57: 0 | F57: 0 | G57: 0 | H57: 0
B58: [Insert detail of fine or penalty] | C58: £m nominal | D58: 0 | E58: 0 | F58: 0 | G58: 0 | H58: 0
B59: [Insert new rows here as necessary] | C59: £m nominal | D59: 0 | E59: 0 | F59: 0 | G59: 0 | H59: 0
B60: Total Ofgem related fines and penalties | C60: £m nominal | D60: 0 | E60: 0 | F60: 0 | G60: 0 | H60: 0
B61: Any adjustment for tax | C61: £m nominal | D61: 0 | E61: 0 | F61: 0 | G61: 0 | H61: 0
B62: Post-tax total fines and penalties | C62: £m nominal | D62: 0 | E62: 0 | F62: 0 | G62: 0 | H62: 0
B64: Guaranteed Standard (GS) payments
B65: Total GS payments | C65: £m nominal | D65: 0.236965 | E65: 3.202175 | F65: 0.045365 | G65: 0 | H65: 0
B66: Any adjustment for tax | C66: £m nominal | D66: 0.04502335 | E66: 0.80054375 | F66: 0.01134125 | G66: 0 | H66: 0
B67: Post-tax total GS payments | C67: £m nominal | D67: 0.19194165 | E67: 2.4016312 | F67: 0.03402375 | G67: 0 | H67: 0
